 Dungeon Crawl Stone Soup version 0.21-a0-396-ga924934 (webtiles) character file.

10308918 theanonym the Conqueror (level 27, 218/218 HPs)
             Began as a Gargoyle Earth Elementalist on Oct 18, 2017.
             Was the Champion of Vehumet.
             Escaped with the Orb
             ... and 15 runes on Oct 19, 2017!
             The game lasted 14:55:07 (165322 turns).

theanonym the Conqueror (GrEE)                    Turns: 165322, Time: 14:55:08

Health: 218/218    AC: 29    Str: 22    XL:     27
Magic:  78/78      EV: 23    Int: 34    God:    Vehumet [******]
Gold:   6533       SH: 37    Dex:  8    Spells: 3/80 levels left

rFire    + + .     SeeInvis .   z - staff of power
rCold    + + +     Gourm    .   j - +8 large shield {rC+}
rNeg     + + +     Faith    .   W - +2 robe {Archmagi}
rPois    ∞         Spirit   .   (helmet restricted)
rElec    +         Reflect  +   M - scarf {repulsion}
rCorr    .         Harm     .   J - +0 pair of gloves of a sewer {+Fly rC+ Str+3 Int+4}
MR       ++++.                  B - +2 pair of boots {run}
Stlth    +.........             E - amulet "Puosur" {Reflect rN+ MR+ Str+3 SH+4 Stlth+}
HPRegen  0.46/turn              N - ring "Cezuex" {Wiz rElec rPois rF++ Int+3 Slay-4}
MPRegen  0.46/turn              Y - ring of Sydaggafa {rElec rC+ rN+ MP+9 Dex-2}

@: flying, repel missiles, quick
A: antennae 1, big wings, deformed body, magic resistance 1, negative energy
resistance 1, sense surroundings 1, robust 1, electricity resistance, strong 1,
unbreathing, petrification resistance, rot immunity, AC +20
0: Orb of Zot
}: 15/15 runes: serpentine, barnacled, slimy, silver, golden, iron, obsidian,
icy, bone, abyssal, demonic, glowing, magical, fiery, dark
a: Stop Flying, Renounce Religion


You escaped.
You worshipped Vehumet.
Vehumet was exalted by your worship.
You were very hungry.

You visited 18 branches of the dungeon, and saw 90 of its levels.
You visited Pandemonium 4 times, and saw 31 of its levels.
You visited the Abyss 2 times.
You visited 1 ziggurat, and saw 20 of its levels.
You also visited: Labyrinth, Trove, Volcano and Desolation.

You collected 10399 gold pieces.
You spent 3866 gold pieces at shops.

Inventory:

Armour
 j - a +8 large shield of cold resistance (worn)
   (You took it off a warmonger in Pandemonium)
 B - a +2 pair of boots of running (worn)
   (You found it on level 4 of the Lair of Beasts)
 J - the +0 pair of gloves of a sewer (worn) {+Fly rC+ Str+3 Int+4}
   (You found it on level 6 of the Dungeon)

   It affects your strength (+3).
   It affects your intelligence (+4).
   It protects you from cold.
   It lets you fly.
 M - a scarf of repulsion (worn)
   (You found it on level 6 of the Dungeon)
 O - the +2 helmet of Ysemuduy {rCorr Int+3}
   (You found it in a treasure trove)

   It affects your intelligence (+3).
   It protects you from acid and corrosion.
 W - a +2 robe of the Archmagi (worn)
   (You found it in a labyrinth)
Magical Staves
 a - an uncursed staff of earth
   (You bought it in a shop on level 14 of the Dungeon)
 b - an uncursed staff of energy
   (You found it on level 1 of the Snake Pit)
 h - an uncursed staff of fire
   (You took it off a spriggan air mage on level 5 of the Depths)
 z - an uncursed staff of power (weapon)
   (You found it in Pandemonium)
Jewellery
 f - an uncursed ring of see invisible
   (You found it on level 2 of the Dungeon)
 g - an uncursed amulet of magic regeneration
   (You bought it in a shop on level 2 of the Orcish Mines)
 E - the amulet "Puosur" (around neck) {Reflect rN+ MR+ Str+3 SH+4 Stlth+}
   (You found it in a treasure trove)

   [amulet of reflection]

   It shields you and reflects attacks.
   It affects your strength (+3).
   It protects you from negative energy.
   It affects your resistance to hostile enchantments.
   It affects your SH (+4).
   It makes you more stealthy.
 N - the ring "Cezuex" (left hand) {Wiz rElec rPois rF++ Int+3 Slay-4}
   (You bought it in a shop on level 2 of the Orcish Mines)

   [ring of wizardry]

   It improves your spell success rate.
   It affects your intelligence (+3).
   It affects your accuracy and damage with ranged weapons and melee attacks
   (-4).
   It greatly protects you from fire.
   It insulates you from electricity.
   It protects you from poison.
 T - the amulet of Vitality {Regen+ HP+15}
   (You took it off a merfolk on level 4 of the Shoals)

   [amulet of regeneration]

   It affects your health (+15).
   It increases your rate of regeneration.
 U - the ring of the Mage {Wiz MR++ Int+3}
   (You bought it in a shop on level 2 of the Orcish Mines)

   [ring of wizardry]

   It improves your spell success rate.
   It affects your intelligence (+3).
   It affects your resistance to hostile enchantments.
 Y - the ring of Sydaggafa (right hand) {rElec rC+ rN+ MP+9 Dex-2}
   (You found it in a treasure trove)

   [ring of positive energy]

   It affects your dexterity (-2).
   It protects you from cold.
   It insulates you from electricity.
   It protects you from negative energy.
   It affects your magic capacity (+9).
Wands
 o - a wand of clouds (8/9)
   (You found it on level 2 of the Lair of Beasts)
 y - a wand of acid (15/15)
   (You found it on level 2 of the Dungeon)
 Q - a wand of digging (18/24)
   (You found it on level 8 of the Dungeon)
Scrolls
 r - 15 scrolls of identify
 v - 38 scrolls of teleportation
 x - 11 scrolls of fear {!r}
 C - 3 scrolls of summoning
 F - 9 scrolls of blinking
 G - a scroll of magic mapping
 I - 2 scrolls of immolation
 K - 3 scrolls of silence
 L - 6 scrolls of holy word
 P - 5 scrolls of enchant armour
 Z - 3 scrolls of fog {!r}
Potions
 c - 11 potions of heal wounds
 d - 3 potions of mutation {!q}
 l - 28 potions of curing
 p - 4 potions of haste
 t - 7 potions of brilliance
 u - 6 potions of agility
 w - a potion of resistance
 S - 5 potions of cancellation
Books
 e - the Papyrus of the Glacier and the Mountains
   (You found it on level 17 of a ziggurat)

   Spells                             Type                      Level
   a - Throw Frost                    Conjuration/Ice              2
   b - Ensorcelled Hibernation        Hexes/Ice                    2
   c - Throw Icicle                   Conjuration/Ice              4
   d - Leda's Liquefaction            Hexes/Earth                  4
   e - Ice Form                       Ice/Transmutation            4
 n - a book of Annihilations
   (You found it on level 7 of Gehenna)

   Spells                             Type                      Level
   a - Poison Arrow                   Conjuration/Poison           6
   b - Chain Lightning                Conjuration/Air              8
   c - Lehudib's Crystal Spear        Conjuration/Earth            8
   d - Glaciate                       Conjuration/Ice              9
   e - Fire Storm                     Conjuration/Fire             9
 X - a book of Ice
   (You found it on level 10 of a ziggurat)

   Spells                             Type                      Level
   a - Ice Form                       Ice/Transmutation            4
   b - Metabolic Englaciation         Hexes/Ice                    5
   c - Ozocubu's Refrigeration        Ice                          6
   d - Bolt of Cold                   Conjuration/Ice              6
   e - Freezing Cloud                 Conjuration/Ice/Air          6
   f - Simulacrum                     Ice/Necromancy               6
Miscellaneous
 q - 6 phantom mirrors
 s - a sack of spiders
 D - a fan of gales
   (You found it on level 14 of a ziggurat)
 H - the horn of Geryon
   (You took it off Geryon in the Vestibule of Hell)
 V - a phial of floods
   (You found it on level 1 of the Depths)
Comestibles
 k - 17 royal jellies


   Skills:
 O Level 27 Fighting
 - Level 12.0 Staves
 - Level 10.0 Armour
 + Level 25.2 Dodging
 - Level 2.1 Stealth
 - Level 25.0 Shields
 O Level 27 Spellcasting
 O Level 27 Conjurations
 - Level 0.7 Transmutations
 O Level 27 Fire Magic
 - Level 26.0 Ice Magic
 O Level 27 Earth Magic


You had 3 spell levels left.
You knew the following spells:

 Your Spells              Type           Power        Failure   Level  Hunger
a - Iron Shot             Conj/Erth      ########..   0%          6    None
b - Fire Storm            Conj/Fire      ########..   1%          9    ###....
c - Lehudib's Crystal Sp  Conj/Erth      ########..   1%          8    None
d - Ring of Flames        Chrm/Fire      ########..   1%          7    None
e - Bolt of Fire          Conj/Fire      ########..   0%          6    None
f - Bolt of Cold          Conj/Ice       ########..   0%          6    None
g - Shatter               Erth           ########..   1%          9    ###....
h - Ignition              Fire           ########..   1%          8    None
i - Blink                 Tloc           N/A          1%          2    None
j - Glaciate              Conj/Ice       ########..   1%          9    ###....
r - Regeneration          Chrm/Necr      ######....   1%          3    None
s - Swiftness             Chrm/Air       ######..     1%          2    None
w - Passwall              Tmut/Erth      ########..   0%          2    None


Dungeon Overview and Level Annotations

Branches:
Dungeon (15/15)            Temple (1/1) D:6            Lair (6/6) D:8
 Shoals (4/4) Lair:4        Snake (4/4) Lair:4        Slime (5/5) Lair:5
    Orc (2/2) D:10            Elf (3/3) Orc:2        Vaults (5/5) D:13
  Crypt (3/3) Vaults:2       Tomb (3/3) Crypt:3      Depths (5/5) D:15
   Hell (1/1)                 Dis (7/7) Hell            Geh (7/7) Hell
    Coc (7/7) Hell            Tar (7/7) Hell            Zot (5/5) Depths:5

Altars:
Ashenzari
Cheibriados
Dithmenos
Elyvilon
Fedhas
Gozag
Hepliaklqana
Kikubaaqudgha
Makhleb
Nemelex Xobeh
Okawaru
Qazlal
Ru
Sif Muna
Trog
Uskayaw
Vehumet
Wu Jian
Xom
Yredelemnul
Zin
The Shining One
Jiyva
Lugonu

Shops:
D:11 (   D:12 (   D:14 *   Orc:1 ((   Orc:2 =[:[?*   Shoals:3 [   Snake:1 =}=
Depths:1 *   Depths:3 :?%

Portals:
Hell: Depths:1 Depths:2 Depths:3 Depths:4 Depths:5
Abyss: Depths:2 Depths:4
Pandemonium: Orc:2 Depths:3

Annotations:
Elf:2 5 runed doors
Tar:5 exclusion: lich
Tar:6 exclusion: vampire knight


Innate Abilities, Weirdness & Mutations

You are resistant to torment.
Your stone body is resilient. (AC +20)
You are immune to poison.
Your large and strong wings let you fly indefinitely.
You resist negative energy. (rN+)
You are resistant to electric shocks. (rElec)
You can survive without breathing.
You are immune to petrification.
You are immune to rotting.
You have a pair of small antennae on your head.
Armour fits poorly on your strangely shaped body.
You are resistant to hostile enchantments. (MR+)
You passively map a small area around you.
You are robust. (+10% HP)
Your muscles are strong. (Str +2)


Message History

You feel a surge of power!
The iron shot hits the chaos spawn.
You kill the chaos spawn!
Vehumet accepts your kill.
You feel your power returning.
The chaos spawn degenerates into a cloud of primal chaos!
You block the ice devil's attack.
You now have 60/78 mp.
Aim: an ice devil You feel a surge of power!
The iron shot hits the ice devil.
You kill the ice devil!
Vehumet accepts your kill.
You now have 54/78 mp.
There is a stone staircase leading up here.
You fly upwards.
There is a stone staircase leading down here.
(D) Dungeon (T) Temple (L) Lair (A) Shoals (P) Snake Pit (M) Slime Pits (O) Orcish Mines (E) Elven Halls (V) Vaults (C) Crypt (W) Tomb (U) Depths (H) Hell (I) Dis (G) Gehenna (X) Cocytus (Y) Tartarus (Z) Zot
Where to? (Enter - D:1, ? - help)
There is a stone staircase leading up here.
You fly upwards.
There is a stone staircase leading down here.
There is a stone staircase leading down here.
A hell beast comes into view.
You regained 12 mp, and now have 68/78 mp.
An Orb Guardian comes into view.
There is a stone staircase leading up here.
Aim: a hell beast You feel a surge of power!
The iron shot hits the hell beast.
You block the hell beast's attack. x2
You now have 65/78 mp.
Aim: a hell beast (severely wounded)
You feel a surge of power!
The iron shot hits the hell beast.
You kill the hell beast!
Vehumet accepts your kill.
You feel your power returning.
You now have 62/78 mp.
You fly upwards.
There is a stone staircase leading down here.
You hear a grinding noise.
You hear a grinding noise.
You hear a grinding noise.
You hear a grinding noise.
There is an escape hatch in the ceiling here.
Really go through this one-way escape hatch?
A mysterious force pulls you upwards. The hatch slams shut behind you.
(D) Dungeon (T) Temple (L) Lair (A) Shoals (P) Snake Pit (M) Slime Pits (O) Orcish Mines (E) Elven Halls (V) Vaults (C) Crypt (W) Tomb (U) Depths (H) Hell (I) Dis (G) Gehenna (X) Cocytus (Y) Tartarus (Z) Zot
Where to? (Enter - D:1, ? - help)
A reaper comes into view. It is wielding a scythe of protection.
You regained 2 mp, and now have 70/78 mp.
Aim: a reaper, wielding a scythe of protection You feel a surge of power!
The iron shot hits the reaper.
You now have 64/78 mp.
Aim: a reaper, wielding a scythe of protection (severely wounded)
You feel a surge of power!
The iron shot hits the reaper.
You kill the reaper!
Vehumet accepts your kill.
You feel your power returning.
(D) Dungeon (T) Temple (L) Lair (A) Shoals (P) Snake Pit (M) Slime Pits (O) Orcish Mines (E) Elven Halls (V) Vaults (C) Crypt (W) Tomb (U) Depths (H) Hell (I) Dis (G) Gehenna (X) Cocytus (Y) Tartarus (Z) Zot
Where to? (Enter - D:1, ? - help)
You see here a scythe of protection.
There is a stone staircase leading up here.
You fly upwards.
There is a stone staircase leading down here.
You regained 9 mp, and now have 74/78 mp.
You sense a monster nearby.
You regained 3 mp, and now have 77/78 mp.
MP restored: 78 A tormentor comes into view.
Aim: a tormentor You feel a surge of power!
The iron shot misses the tormentor.
You now have 72/78 mp.
Aim: a tormentor You feel a surge of power!
The iron shot hits the tormentor.
You kill the tormentor!
Vehumet accepts your kill.
You feel your power returning.
You now have 68/78 mp.
An orange demon comes into view.
Unknown command.
Unknown command.
Unknown command.
The rock shatters into small pieces.
This wand has 18 charges left.
MP restored: 78
There is an open door here.
You are feeling very hungry.
You see here a club.
There is an open door here.
There is a staircase leading out of the dungeon here.
You have escaped!

#....≈.................≈.....#
#....≈..###########'##.≈.....#
#...§≈..##..........##.≈.....#
#....≈..##.........###.≈.....#
#....≈≈.##.........##.≈≈.....#
#....§..####)########§.≈.....#
#....≈..####'########..≈?....#
#....≈≈...##......##..§§§....#
#....≈...(##....@.##...§.....#
#....≈....##......##...≈.....#
#....§§...##########..≈≈.....#
#....≈≈≈≈.##########.≈≈§.....#
#....≈≈≈≈............≈§≈.....#
#....≈≈§§§≈≈§......≈§≈≈≈.....#
#..§.§.≈≈≈≈≈≈≈....≈≈≈§≈≈§....#
#..........≈§≈≈≈≈≈§≈≈§≈§.....#
............≈≈≈≈≈§§§........#


There were no monsters in sight!

Vanquished Creatures
  Cerebov (Pan)
  Antaeus (Coc:7)
  Asmodeus (Geh:7)
  the Royal Jelly (Slime:5)
  Gloorx Vloq (Pan)
  Ereshkigal (Tar:7)
  Lom Lobon (Pan)
  Mnoleg (Pan)
  Mara (Shoals:3)
  5 ancient liches
  3 orbs of fire (Zot:5)
  3 juggernauts (Zig:17)
  Mennas (Vaults:2)
  Sojobo (Depths:3)
  27 greater mummies
  Margery (Vaults:4)
  10 shard shrikes
  Frederick (Vaults:2)
  Saint Roka (Crypt:1)
  Geryon (Hell)
  2 caustic shrikes
  A curse toe (Zot:4)
  4 Killer Klowns (Zot:5)
  Jory (Crypt:1)
  Nikola (Vaults:1)
  8 golden dragons
  2 profane servitors
  13 bone dragons
  19 Tzitzimimeh
  32 Brimstone Fiends
  The ghost of theanonym the Lord of Darkness, an adept DEIE of Kikubaaqudgha (Depths:2)
  3 hellephants (Pan)
  5 doom hounds
  30 Ice Fiends
  21 Hell Sentinels
  Jorgrun (Vaults:1)
  11 liches
  6 iron giants (Dis:7)
  An electric golem (Zot:5)
  17 tentacled monstrosities
  5 quicksilver dragons
  Asterion (Vaults:2)
  21 Orb Guardians
  A deep elf master archer (Elf:3)
  4 deep elf blademasters (Elf:3)
  4 titans
  18 acid blobs
  9 ancient champions
  5 krakens
  Polyphemus (Shoals:2)
  An eldritch tentacle (Coc:7)
  19 tentacled starspawn
  49 Executioners
  A sphinx (shapeshifter) (Vaults:5)
  11 sphinxes
  7 death cobs
  Agnes (Snake:1)
  15 storm dragons
  Kirke (D:12)
  8 draconian monks
  6 tengu reavers
  20 pandemonium lords
  17 azure jellies
  Ilsuiw (Shoals:4)
  22 warmongers (Pan)
  41 nagarajas
  15 shadow dragons
  7 draconian knights
  3 revenants
  A ghost moth (shapeshifter) (Abyss:3)
  19 vault wardens
  10 iron dragons
  6 ghost moths
  15 daevas
  5 orc warlords (Zig:17)
  54 balrugs
  10 fire giants
  6 frost giants
  2 deep elf elementalists (Elf:3)
  29 cacodemons
  9 deep elf sorcerers
  An imperial myrmidon (Desolation)
  4 ghouls
  13 draconian scorchers
  19 blood saints (Pan)
  14 angels (Pan)
  4 curse skulls
  Aizul (Shoals:4)
  2 emperor scorpions
  11 draconian stormcallers
  A spriggan defender (Depths:4)
  2 caustic shrike skeletons
  10 draconian annihilators
  66 reapers
  6 elemental wellsprings
  11 draconian shifters
  14 ironheart preservers
  5 apis (Pan)
  12 stone giants
  7 entropy weavers
  7 ophanim (Pan)
  20 war gargoyles
  4 deep elf demonologists
  Nessos (D:12)
  6 bennus
  8 vampire knights
  24 very ugly things
  27 black suns (Pan)
  19 corrupters (Pan)
  18 green draconians
  35 lorocyprocas
  17 black draconians
  A halazid warlock (Desolation)
  A dire elephant (Lair:6)
  15 red draconians
  15 deep elf annihilators
  18 spark wasps
  8 purple draconians
  12 white draconians
  Azrael (D:12)
  The ghost of KristoblXynda the Thaumaturge, a journeyman DrMo of Vehumet (Orc:2)
  15 yellow draconians
  3 eidola
  43 green deaths
  A minotaur (Lab)
  A spectral kraken (Tar:7)
  7 merfolk javelineers
  10 deep elf death magi
  7 crystal guardians
  60 blizzard demons
  14 merfolk impalers
  10 ettins
  4 kraken zombies
  6 jiangshi
  22 mummy priests
  14 death oozes
  11 fire dragons
  5 quicksilver dragon zombies
  Josephine (Lair:4)
  18 yaktaur captains
  2 quicksilver dragon skeletons
  9 ragged hierophants (Desolation)
  8 deep elf high priests
  13 great orbs of eyes
  21 ice dragons
  14 rakshasas
  A great orb of eyes (shapeshifter) (Abyss:3)
  The ghost of p0werm0de the Thaumaturge, a journeyman DECK of Xom (Orc:2)
  27 vault guards
  7 hydras
  The ghost of graki42 the Blocker, a journeyman GrFi of the Shining One (Lair:1)
  5 peacekeepers (Desolation)
  A ghost crab (Tar:1)
  13 servants of whispers (Desolation)
  8 hell beasts
  A caustic shrike simulacrum (Zig:13)
  7 centaur warriors
  10 merfolk avatars
  24 naga warriors
  23 monstrous demonspawn (Pan)
  2 juggernaut simulacra (Pan)
  5 spriggan air magi
  A catoblepas (shapeshifter) (Vaults:5)
  3 catoblepae
  13 anacondas
  6 death knights
  4 merfolk aquamancers
  35 dancing weapons
  7 deep troll shamans
  11 ogre magi
  51 two-headed ogres
  2 satyrs (Shoals:4)
  10 death yaks
  21 hell hogs
  15 shock serpents
  A spriggan berserker (Depths:4)
  9 vampire magi
  6 tengu warriors
  9 thrashing horrors
  8 orc high priests
  60 death scarabs
  5 titan zombies
  8 deep troll earth magi
  17 naga sharpshooters
  104 soul eaters
  2 storm dragon zombies
  3 spriggans (Depths:4)
  5 titan skeletons
  Sonja (D:14)
  137 sun demons
  18 deep elf knights
  2 iron golems (Hell)
  4 salamander mystics
  14 wretched stars
  59 hell knights
  6 storm dragon skeletons
  15 sea snakes
  6 iron trolls
  14 shadow wraiths
  110 skeletal warriors
  4 ghost moth zombies
  110 large abominations
  10 cherubim (Pan)
  12 unseen horrors
  9 anaconda zombies
  12 flayed ghosts
  2 death drakes
  19 torturous demonspawn
  46 sixfirhies
  5 spatial maelstroms
  21 gelid demonspawn
  14 naga ritualists
  13 wizards
  36 deep trolls
  8 deep elf archers
  2 kraken simulacra (Hell)
  A golden dragon zombie (Geh:2)
  21 infernal demonspawn
  30 shadow demons
  An obsidian statue (Zig:14)
  A swamp dragon (shapeshifter) (Zig:8)
  11 glowing orange brains
  26 starcursed masses
  20 phantasmal warriors
  A harpy (shapeshifter) (Vaults:5)
  14 ironbrand convokers
  4 lindwurms
  A swamp dragon (Lair:4)
  9 anaconda skeletons
  19 orc knights
  A shambling mangrove (Zig:4)
  18 mana vipers
  2 tengu zombies
  33 necromancers
  8 shadow dragon zombies
  7 wolf spiders
  22 harpies
  4 orb spiders
  9 fauns
  7 fire giant zombies
  4 stone giant zombies
  A salamander (shapeshifter) (Vaults:1)
  3 golden dragon skeletons
  9 shining eyes
  7 shadow dragon skeletons
  5 wolf spider zombies
  3 iron dragon zombies
  18 orc sorcerers
  50 deep elf magi
  12 cyclopes
  10 salamanders
  2 shining eyes (shapeshifter)
  41 ugly things
  49 rust devils
  4 frost giant zombies
  13 stone giant skeletons
  A moth of wrath (shapeshifter) (D:15)
  3 fire giant skeletons
  5 toenail golems (Volcano)
  4 sphinx skeletons
  7 manticores
  A shock serpent zombie (Hell)
  6 elephants
  9 molten gargoyles
  6 worldbinders
  A black mamba (shapeshifter) (Vaults:1)
  13 vault sentinels
  2 eyes of devastation
  7 frost giant skeletons
  14 water nymphs
  33 naga magi
  26 moths of wrath
  71 black mambas
  6 iron dragon skeletons
  16 guardian serpents
  3 guardian serpents (shapeshifter) (Abyss:3)
  15 merfolk sirens
  A titan simulacrum (Depths:3)
  Psyche (D:8)
  7 dire elephant zombies
  An apocalypse crab (Abyss:3)
  A yaktaur zombie (Depths:1)
  11 spectral swamp worms (Tar:7)
  7 ice statues
  137 smoke demons
  22 spiny frogs
  47 orange demons
  A purple draconian zombie (Crypt:2)
  A torpor snail (shapeshifter) (Vaults:3)
  A red draconian zombie (Coc:4)
  2 torpor snails
  4 dire elephant skeletons
  2 shock serpent skeletons
  An emperor scorpion zombie (Geh:6)
  52 yaktaurs
  4 rime drakes (Lair:6)
  39 freezing wraiths
  80 hellions
  53 demonic crawlers
  59 tormentors
  10 komodo dragons
  A kobold demonologist (D:12)
  22 ice devils
  16 efreet
  69 red devils
  2 tengu conjurers
  A pale draconian skeleton (Crypt:1)
  3 anaconda simulacra
  15 ancient zymes
  A catoblepas skeleton (Crypt:1)
  A harpy zombie (Coc:3)
  9 trolls
  3 jumping spiders
  42 guardian mummies
  A death yak skeleton (Crypt:2)
  A sea snake skeleton (Crypt:2)
  59 hellwings
  13 hydra zombies
  5 polar bears
  2 trolls (shapeshifter)
  32 merfolk
  9 wind drakes
  7 hornets
  2 silent spectres (Tar:1)
  3 tengu simulacra
  74 saltlings (Desolation)
  A raiju (shapeshifter) (D:15)
  A blink frog (shapeshifter) (Depths:4)
  A deep troll zombie (Depths:1)
  6 hydra skeletons
  A sphinx simulacrum (Zig:13)
  3 harpy skeletons
  12 hippogriffs
  16 blink frogs
  A hippogriff (shapeshifter) (Vaults:5)
  9 raiju
  A dream sheep (shapeshifter) (Elf:1)
  9 dream sheep
  11 ettin zombies
  2 fire dragon zombies
  7 ice dragon zombies
  116 slime creatures
  160 flying skulls
  15 snapping turtles
  16 air elementals
  6 alligator zombies
  39 water elementals
  A centaur simulacrum (D:15)
  2 frost giant simulacra
  Sigmund (D:4)
  5 alligator skeletons
  A black mamba zombie (Dis:6)
  A fire dragon skeleton (Dis:7)
  8 redbacks
  4 ettin skeletons
  3 tarantellas (Zig:11)
  97 ynoxinuls
  38 wraiths
  16 shadows
  4 black mamba skeletons
  5 ice dragon skeletons
  64 yaks
  3 wyverns
  17 ushabtiu
  A hog (D:12)
  2 basilisks (Lair:6)
  28 fire elementals
  4 fire bats (Pan)
  47 neqoxecs
  A basilisk (shapeshifter) (Depths:2)
  17 golden eyes
  59 chaos spawn
  7 hungry ghosts
  Menkaure (D:7)
  13 spatial vortices
  A harpy simulacrum (Coc:4)
  A merfolk zombie (Dis:4)
  An acid dragon (Vaults:2)
  A soldier ant (shapeshifter) (Vaults:3)
  Duvessa (D:7)
  12 spiny frog zombies
  78 nagas
  6 porcupines
  20 small abominations
  14 wargs
  60 hell hounds
  A hydra simulacrum (Coc:5)
  2 merfolk skeletons
  50 orc warriors
  4 sky beasts
  7 eyes of draining
  A swamp drake (Zig:4)
  15 water moccasins
  An ettin simulacrum (Crypt:1)
  5 ice beasts
  4 spiny frog skeletons
  An ice dragon simulacrum (Abyss:3)
  2 black bears
  A spriggan simulacrum (Depths:1)
  2 swamp dragon zombies
  24 necrophages
  6 phantoms
  2 snapping turtle zombies
  8 wolves
  4 boggarts (Vaults:3)
  32 ogres
  17 centaurs
  A manticore skeleton (Geh:3)
  4 human skeletons
  7 crocodiles
  3 snapping turtle skeletons (Pan)
  A swamp dragon skeleton (Hell)
  A draconian zombie (Crypt:1)
  A human zombie (Vaults:2)
  3 big kobolds
  11 bullfrogs
  An elf skeleton (Crypt:1)
  A gnoll sergeant (D:9)
  3 elf zombies
  3 earth elementals
  Dowan (D:7)
  2 spriggan zombies
  3 scorpions
  A troll zombie (Geh:6)
  6 killer bees (D:9)
  57 wights
  2 troll skeletons
  6 spriggan skeletons
  4 electric eels (D:8)
  21 crimson imps
  4 quasits
  A bullfrog zombie (D:8)
  2 centaur zombies
  8 hounds
  13 iron imps
  4 jellies
  41 orc priests
  6 bullfrog skeletons
  30 orc wizards
  8 centaur skeletons
  2 iguanas
  Terence (D:3)
  Ijyb (D:3)
  A lightning spire (Zig:8)
  Natasha (thrice) (D:3)
  A statue (D:6)
  5 worker ants
  An ogre zombie (Crypt:3)
  A dwarf skeleton (Crypt:2)
  2 hound skeletons
  37 mummies
  Robin (D:3)
  11 gnolls
  A howler monkey zombie (D:6)
  3 worker ant zombies
  11 adders
  An ogre simulacrum (Abyss:3)
  12 shadow imps
  8 white imps
  4 ufetubi
  3 oozes
  3 worms
  8 dart slugs
  A leopard gecko (D:8)
  119 orcs
  2 bat skeletons (Crypt:1)
  4 giant cockroaches
  40 goblins
  27 hobgoblins
  15 jackals
  3 quokkas
  4 ball pythons
  4 bats
  4 frilled lizards
  18 kobolds
  5 kobold zombies
  A leopard gecko skeleton (D:4)
  2 orc skeletons
  2 orc zombies
  3 quokka skeletons
  9 rats
  A rat skeleton (Crypt:2)
  A spectral orc (D:6)
  20 blocks of ice
  3 crawling corpses (Elf:3)
  7 fire vortices
  A fungus (Lair:3)
  5 lurking horrors
  49 plants
  4 starspawn tentacles
  23 tentacles
6475 creatures vanquished.

Vanquished Creatures (collateral kills)
  2 ancient liches
  3 greater mummies (Tomb:1)
  A Tzitzimitl (Tar:7)
  An Ice Fiend (Coc:7)
  An Orb Guardian (Zot:5)
  An emperor scorpion (Zig:9)
  A draconian shifter (Zig:14)
  A green draconian (Zot:5)
  A yellow draconian (Zot:5)
  A red draconian (Zig:15)
  A naga warrior (Zig:19)
  2 death scarabs (Tomb:1)
  3 skeletal warriors
  An iron troll (Zig:17)
  A large abomination (Zig:16)
  A golden dragon skeleton (Coc:7)
  A stone giant skeleton (Coc:7)
  2 black mambas
  An ancient zyme (Zig:16)
  A hydra zombie (Coc:2)
  An ettin zombie (Coc:7)
  A fire dragon skeleton (Coc:7)
  A flying skull (Tomb:3)
  A shadow (Zig:20)
  An orc warrior (Zig:17)
  An ice beast (Coc:7)
  An orc priest (Zig:17)
  6 mummies
  A shadow imp (Zig:20)
  A white imp (Coc:7)
42 creatures vanquished.

Vanquished Creatures (others)
  An ancient lich (Zot:5)
  A Killer Klown (Zot:5)
  2 deep elf master archers (Elf:3)
  A lich (Zig:13)
  A death cob (Zot:5)
  5 eldritch tentacles
  A draconian annihilator (Pan)
  A draconian shifter (Zot:5)
  An elemental wellspring (Coc:6)
  4 stone giants
  A deep elf annihilator (Pan)
  A red draconian (Zot:5)
  2 green deaths (Pan)
  2 yaktaur captains
  A spriggan air mage (Pan)
  8 death scarabs
  A hell hog (Geh:7)
  A ghost moth zombie (Geh:7)
  A wizard (Pan)
  A golden dragon skeleton (Geh:5)
  A shining eye (shapeshifter) (Elf:1)
  A salamander (Snake:3)
  A moth of wrath (Zot:5)
  2 hellions (Geh:7)
  6 yaktaurs
  A hellwing (Pan)
  A hydra skeleton (Geh:7)
  6 flying skulls
  A black mamba zombie (Geh:7)
  2 water elementals
  A fire dragon skeleton (Geh:5)
  A golden eye (Pan)
  3 humans (D:12)
  A black mamba skeleton (Geh:1)
  A spiny frog skeleton (Coc:5)
  A wight (Geh:1)
  A quasit (Abyss:1)
  4 mummies (Tomb:1)
  An adder (D:12)
  A white imp (Abyss:1)
  3 ball lightnings (Pan)
  An orc (D:12)
  A quokka (D:3)
  126 blocks of ice
  3 demonic plants (Pan)
  285 fire vortices
  12 fungi
  5 pillars of salt (Elf:2)
  25 plants
  27 starspawn tentacles
  9 tentacles
571 creatures vanquished.

Grand Total: 7088 creatures vanquished

Notes
Turn   | Place    | Note
-------+----------+-------------------------------------------
     0 | D:1      | theanonym the Gargoyle Earth Elementalist began the quest for the Orb.
     0 | D:1      | Reached XP level 1. HP: 10/10 MP: 3/3
    92 | D:1      | Reached XP level 2. HP: 10/16 MP: 3/5
   209 | D:1      | Reached skill level 1 in Fighting
   209 | D:1      | Reached skill level 4 in Earth Magic
   774 | D:1      | Reached XP level 3. HP: 20/20 MP: 2/6
  1411 | D:1      | Learned a level 2 spell: Passwall
  1727 | D:2      | Reached skill level 2 in Fighting
  1727 | D:2      | Reached XP level 4. HP: 26/26 MP: 4/8
  1979 | D:2      | Found a sparkling altar of Nemelex Xobeh.
  2567 | D:3      | Reached skill level 3 in Spellcasting
  2810 | D:3      | Noticed Ijyb
  2838 | D:3      | Reached XP level 5. HP: 30/31 MP: 9/9
  2854 | D:3      | Killed Ijyb
  2854 | D:3      | Reached skill level 5 in Earth Magic
  2982 | D:3      | Reached skill level 3 in Fighting
  3055 | D:3      | Noticed Robin
  3087 | D:3      | Killed Robin
  3628 | D:3      | Reached XP level 6. HP: 23/37 MP: 9/11
  4030 | D:3      | Noticed Terence
  4044 | D:3      | Noticed Natasha
  4063 | D:3      | Killed Natasha
  4063 | D:3      | Reached skill level 6 in Earth Magic
  4107 | D:3      | Noticed Natasha
  4111 | D:3      | Killed Natasha
  4201 | D:3      | Noticed Natasha
  4208 | D:3      | Killed Natasha
  4208 | D:3      | Reached skill level 4 in Spellcasting
  4241 | D:3      | Reached skill level 4 in Fighting
  4241 | D:3      | Reached XP level 7. HP: 43/43 MP: 8/13
  4249 | D:3      | Learned a level 5 spell: Lee's Rapid Deconstruction
  4256 | D:3      | Learned a level 4 spell: Petrify
  4340 | D:3      | Killed Terence
  5177 | D:4      | Noticed Sigmund
  5183 | D:4      | Killed Sigmund
  5183 | D:4      | Reached skill level 7 in Earth Magic
  5241 | D:4      | Found a shattered altar of Ashenzari.
  5246 | D:4      | Found a shimmering altar of Xom.
  5921 | D:5      | Entered Level 5 of the Dungeon
  6138 | D:5      | Reached skill level 5 in Fighting
  6138 | D:5      | Reached skill level 8 in Earth Magic
  6138 | D:5      | Reached XP level 8. HP: 49/49 MP: 10/15
  6344 | D:5      | Reached skill level 5 in Spellcasting
  6872 | D:5      | Reached skill level 9 in Earth Magic
  6880 | D:5      | Found a shadowy altar of Dithmenos.
  7006 | D:5      | Found a glowing golden altar of the Shining One.
  7115 | D:6      | Reached skill level 6 in Fighting
  7188 | D:6      | Reached XP level 9. HP: 55/55 MP: 4/17
  7351 | D:6      | Found a staircase to the Ecumenical Temple.
  7356 | Temple   | Entered the Ecumenical Temple
  7824 | D:6      | Reached skill level 10 in Earth Magic
  7890 | D:6      | Found a burning altar of Makhleb.
  7968 | D:6      | Found a snail-covered altar of Cheibriados.
  7972 | D:6      | Got a pair of polished gloves
  8057 | D:6      | Identified the +0 pair of gloves of a sewer {+Fly rC+ Str+3 Int+4} (You found it on level 6 of the Dungeon)
  8156 | D:6      | Found a radiant altar of Vehumet.
  8162 | D:6      | Became a worshipper of Vehumet
  8171 | D:6      | Reached skill level 6 in Spellcasting
  8331 | D:6      | Noticed a two-headed ogre
  8460 | D:6      | Killed a two-headed ogre
  8460 | D:6      | Reached skill level 7 in Fighting
  8722 | D:6      | Found a sparkling altar of Nemelex Xobeh.
  8851 | D:6      | Found a basalt altar of Yredelemnul.
  8943 | D:7      | Noticed Duvessa
  8943 | D:7      | Noticed Dowan
  8946 | D:7      | Killed Duvessa
  8947 | D:7      | Killed Dowan
  8957 | D:7      | Reached skill level 11 in Earth Magic
  8960 | D:7      | Noticed Menkaure
  9253 | D:7      | Reached skill level 7 in Spellcasting
  9459 | D:7      | Killed Menkaure
  9459 | D:7      | Reached skill level 8 in Fighting
  9459 | D:7      | Reached XP level 10. HP: 64/64 MP: 9/20
  9901 | D:8      | Noticed a two-headed ogre
  9907 | D:8      | Killed a two-headed ogre
 10240 | D:8      | Found a staircase to the Lair.
 10244 | D:8      | Reached * piety under Vehumet
 10244 | D:8      | Offered knowledge of Freeze by Vehumet.
 10297 | D:8      | Noticed a two-headed ogre
 10316 | D:8      | Reached skill level 9 in Fighting
 10333 | D:8      | Reached skill level 8 in Spellcasting
 10333 | D:8      | Reached skill level 12 in Earth Magic
 10573 | D:8      | Killed a two-headed ogre
 10895 | D:8      | Noticed Psyche
 10905 | D:8      | Killed Psyche
 10908 | D:8      | Reached XP level 11. HP: 72/72 MP: 9/23
 11429 | D:9      | Noticed a two-headed ogre
 11432 | D:9      | Killed a two-headed ogre
 11432 | D:9      | Reached skill level 10 in Fighting
 12040 | D:9      | Offered knowledge of Shock by Vehumet.
 12128 | D:9      | Reached ** piety under Vehumet
 12278 | D:9      | Reached skill level 9 in Spellcasting
 12415 | D:9      | Found a blossoming altar of Fedhas.
 13002 | D:10     | Entered Level 10 of the Dungeon
 13005 | D:10     | Found a staircase to the Orcish Mines.
 13020 | D:10     | Reached skill level 13 in Earth Magic
 13034 | D:10     | Offered knowledge of Inner Flame by Vehumet.
 13055 | D:10     | Noticed a two-headed ogre
 13057 | D:10     | Killed a two-headed ogre
 13057 | D:10     | Reached skill level 1 in Armour
 13676 | D:10     | Noticed a two-headed ogre
 13680 | D:10     | Killed a two-headed ogre
 13680 | D:10     | Reached skill level 2 in Armour
 13898 | Orc:1    | Entered Level 1 of the Orcish Mines
 13900 | Orc:1    | Reached *** piety under Vehumet
 14072 | D:10     | Offered knowledge of Airstrike by Vehumet.
 14173 | Orc:1    | Reached skill level 3 in Armour
 14260 | Orc:1    | Noticed a two-headed ogre
 14264 | Orc:1    | Killed a two-headed ogre
 14462 | Orc:1    | Found a bloodstained altar of Trog.
 14554 | Orc:1    | Found Hacyjinn's Antique Weapon Shoppe.
 14687 | Orc:1    | Found Daqaunif's Antique Weapon Shoppe.
 14737 | Orc:2    | Entered Level 2 of the Orcish Mines
 14737 | Orc:2    | Noticed KristoblXynda's ghost (journeyman DrMo)
 14755 | Orc:2    | Found Qovina's Jewellery Emporium.
 14776 | Orc:1    | Reached skill level 11 in Fighting
 14951 | Orc:2    | Bought the ring of the Mage {Wiz MR++ Int+3} for 517 gold pieces
 14951 | Orc:2    | Found the ring of the Mage {Wiz MR++ Int+3}
 15288 | Lair:1   | Entered Level 1 of the Lair of Beasts
 15333 | Lair:1   | Noticed graki42's ghost (journeyman GrFi)
 15352 | Lair:1   | Reached **** piety under Vehumet
 15354 | Lair:1   | Found a labyrinth entrance.
 15427 | Lab      | Entered a labyrinth
 15896 | Lab      | Reached skill level 4 in Armour
 15896 | Lab      | Reached XP level 12. HP: 80/80 MP: 19/25
 16337 | Lab      | Noticed a minotaur
 16341 | Lab      | Killed a minotaur
 16341 | Lab      | Reached skill level 10 in Spellcasting
 16345 | Lab      | Got a polished leather armour
 16377 | Lab      | Got a dazzling dagger
 16378 | Lab      | Identified the cursed +2 dagger of the Wolf {pierce, +Blink Str+2 Dex-3 SInv} (You found it in a labyrinth)
 16467 | D:8      | Identified the +2 leather armour of the Wild Haggis {rPois rF+ rCorr} (You found it in a labyrinth)
 17669 | D:11     | Found a portal to a secret trove of treasure.
 17692 | D:11     | Reached skill level 14 in Earth Magic
 17736 | D:11     | Learned a level 3 spell: Stone Arrow
 17824 | D:11     | Noticed a two-headed ogre
 17827 | D:11     | Killed a two-headed ogre
 17827 | D:11     | Reached skill level 1 in Conjurations
 17830 | D:11     | Reached skill level 2 in Conjurations
 17989 | D:11     | Offered knowledge of Bolt of Magma by Vehumet.
 17997 | D:11     | Learned a level 5 spell: Bolt of Magma
 18001 | D:11     | Noticed a two-headed ogre
 18001 | D:11     | Killed a two-headed ogre
 18001 | D:11     | Reached skill level 3 in Conjurations
 18096 | D:11     | Found Wurhunn's Antique Weapon Shop.
 18264 | D:11     | Reached skill level 4 in Conjurations
 18371 | D:12     | Noticed Kirke
 18375 | D:12     | Killed Kirke
 18375 | D:12     | Reached skill level 12 in Fighting
 18375 | D:12     | Reached skill level 5 in Conjurations
 18504 | D:12     | Noticed a death knight
 18505 | D:12     | Killed a death knight
 18505 | D:12     | Reached skill level 6 in Conjurations
 18602 | D:12     | Noticed Nessos
 18605 | D:12     | Killed Nessos
 18605 | D:12     | Reached XP level 13. HP: 86/87 MP: 18/27
 18634 | D:12     | Reached skill level 7 in Conjurations
 18760 | D:12     | Noticed Azrael
 18769 | D:12     | Killed Azrael
 19091 | D:12     | Reached ***** piety under Vehumet
 19103 | D:12     | Offered knowledge of Iron Shot by Vehumet.
 19123 | D:11     | Learned a level 6 spell: Iron Shot
 19247 | D:12     | Reached skill level 15 in Earth Magic
 19482 | D:12     | Reached skill level 8 in Conjurations
 20073 | D:12     | Got a crude scale mail
 20148 | D:12     | Found Ytelem's Antique Weapon Shop.
 20598 | D:13     | Reached skill level 9 in Conjurations
 20623 | D:13     | Found a gate to the Vaults.
 20624 | D:13     | Noticed a yaktaur captain
 20640 | D:13     | Killed a yaktaur captain
 20830 | D:13     | Reached skill level 13 in Fighting
 22097 | D:14     | Reached skill level 10 in Conjurations
 22272 | D:14     | Noticed Sonja
 22273 | D:14     | Killed Sonja
 22382 | D:14     | Found Sicvax's General Store.
 22388 | D:14     | Bought a scroll of fear for 66 gold pieces
 22388 | D:14     | Bought an uncursed staff of earth for 475 gold pieces
 22388 | D:14     | Bought a scroll of teleportation for 57 gold pieces
 22900 | Orc:2    | Noticed p0werm0de's ghost (journeyman DECK)
 22902 | Orc:2    | Killed p0werm0de's ghost
 23130 | Orc:2    | Found a staircase to the Elven Halls.
 23170 | Orc:2    | Found Ocemiwumm's Antique Armour Shop.
 23171 | Orc:2    | Gained mutation: Your large and strong wings let you fly indefinitely. [Gargoyle growth]
 23171 | Orc:2    | Reached XP level 14. HP: 94/94 MP: 23/28
 23496 | Orc:2    | Killed KristoblXynda's ghost
 24147 | Orc:2    | Found Loupt's Magic Scroll Shoppe.
 24149 | Orc:2    | Reached skill level 16 in Earth Magic
 24215 | Orc:2    | Found Vanudy's General Store.
 24502 | Orc:2    | Reached skill level 11 in Spellcasting
 24676 | Orc:2    | Reached skill level 14 in Fighting
 25259 | Orc:2    | Found Falamul's Book Shop.
 25259 | Orc:2    | Found Lejeiri's Antique Armour Boutique.
 25260 | Orc:2    | Found a one-way gate leading to the halls of Pandemonium.
 25264 | Orc:2    | Bought a pair of embroidered boots for 255 gold pieces
 25269 | Orc:2    | Identified a +0 pair of boots of running (You bought it in a shop on level 2 of the Orcish Mines)
 25303 | Orc:2    | Bought a scroll of blinking for 97 gold pieces
 25303 | Orc:2    | Bought a scroll of blinking for 97 gold pieces
 26084 | Lair:1   | Reached skill level 1 in Shields
 26197 | Lair:1   | Reached skill level 2 in Shields
 26284 | Lair:1   | Offered knowledge of Yara's Violent Unravelling by Vehumet.
 26375 | Lair:1   | Reached skill level 3 in Shields
 26558 | Lair:1   | Killed graki42's ghost
 26558 | Lair:1   | Reached skill level 4 in Shields
 27563 | Lair:2   | Got a vibrating granite ring
 27565 | Lair:2   | Identified the ring "Quergh" {rPois MR- Dex-2 Slay+5 SInv} (You found it on level 2 of the Lair of Beasts)
 28077 | Lair:2   | Reached XP level 15. HP: 101/101 MP: 28/30
 28245 | Lair:3   | Reached skill level 17 in Earth Magic
 28785 | Lair:3   | Reached skill level 12 in Spellcasting
 29415 | Lair:4   | Found a staircase to the Shoals.
 29529 | Lair:4   | Found a transporter.
 29725 | Lair:4   | Noticed Josephine
 29731 | Lair:4   | Killed Josephine
 29898 | Lair:3   | Reached skill level 15 in Fighting
 29999 | Lair:4   | Found a staircase to the Snake Pit.
 30008 | Lair:4   | Offered knowledge of Bolt of Draining by Vehumet.
 30473 | Lair:4   | Found a transporter.
 30724 | Lair:4   | Learned a level 9 spell: Shatter
 30823 | Lair:4   | Identified a +2 pair of boots of running (You found it on level 4 of the Lair of Beasts)
 30967 | Lair:5   | Found a dark tunnel.
 30972 | Volcano  | Entered a volcano
 31647 | Lair:5   | Found a staircase to the Slime Pits.
 31648 | Lair:5   | Found a viscous altar of Jiyva.
 32655 | Lair:6   | Entered Level 6 of the Lair of Beasts
 32656 | Lair:6   | Reached skill level 18 in Earth Magic
 32877 | Lair:5   | Reached skill level 13 in Spellcasting
 33419 | Lair:6   | Reached XP level 16. HP: 108/108 MP: 18/33
 33836 | Lair:6   | Got a faintly humming scale mail
 33847 | Lair:6   | Identified the cursed +0 scale mail of Incorporation {+Fly rC- Int+7} (You found it on level 6 of the Lair of Beasts)
 34404 | Lair:6   | Offered knowledge of Venom Bolt by Vehumet.
 34612 | Lair:6   | Reached skill level 19 in Earth Magic
 34929 | Shoals:1 | Entered Level 1 of the Shoals
 35515 | Shoals:1 | Reached skill level 14 in Spellcasting
 36662 | Shoals:2 | Noticed Polyphemus
 36801 | Shoals:2 | HP: 9/108 [death yak[Polyphemus] (11)]
 37440 | Shoals:2 | Killed Polyphemus
 38327 | Shoals:2 | Reached skill level 20 in Earth Magic
 39013 | Shoals:3 | Noticed Mara
 39014 | Shoals:3 | Killed Mara
 39014 | Shoals:3 | Reached skill level 15 in Spellcasting
 39014 | Shoals:3 | Reached XP level 17. HP: 113/113 MP: 11/36
 39555 | Shoals:3 | Found Rison's Armour Emporium.
 39625 | Shoals:3 | Noticed a kraken
 39627 | Shoals:3 | Killed a kraken
 40187 | Shoals:3 | Reached ****** piety under Vehumet
 40684 | Shoals:4 | Entered Level 4 of the Shoals
 40685 | Shoals:4 | Offered knowledge of Poison Arrow by Vehumet.
 40685 | Shoals:4 | Reached skill level 1 in Fire Magic
 40847 | Shoals:4 | Noticed a kraken
 40848 | Shoals:4 | Reached skill level 2 in Fire Magic
 40848 | Shoals:4 | Killed a kraken
 40848 | Shoals:4 | Reached skill level 21 in Earth Magic
 40851 | Shoals:4 | Noticed Aizul
 40852 | Shoals:4 | Killed Aizul
 40982 | Shoals:4 | Noticed Ilsuiw
 40983 | Shoals:4 | Killed Ilsuiw
 40983 | Shoals:4 | Reached skill level 3 in Fire Magic
 42500 | D:11     | You paid a toll of a +6 demon trident to enter a treasure trove
 42501 | Trove    | Entered a treasure trove
 42519 | Trove    | Got a glittering lead ring
 42521 | Trove    | Got a flickering lead amulet
 42523 | Trove    | Got an ancient pewter ring
 42555 | Trove    | Identified the ring of Sydaggafa {rElec rC+ rN+ MP+9 Dex-2} (You found it in a treasure trove)
 42558 | Trove    | Identified the ring of the Rabble {rPois Int+5 Dex+4} (You found it in a treasure trove)
 42583 | Trove    | Got a crude scale mail
 42585 | Trove    | Got a warped helmet
 42597 | Trove    | Identified the cursed +0 scale mail of Plasticity {Str+8} (You found it in a treasure trove)
 42614 | Trove    | Identified the +2 helmet of Ysemuduy {rCorr Int+3} (You found it in a treasure trove)
 42748 | D:11     | Learned a level 6 spell: Poison Arrow
 43067 | Shoals:4 | Reached skill level 5 in Shields
 43089 | Shoals:4 | Reached XP level 18. HP: 111/119 MP: 25/37
 43228 | Shoals:4 | Reached skill level 6 in Shields
 43372 | Shoals:4 | Reached skill level 7 in Shields
 43932 | Shoals:4 | Got a barnacled rune of Zot
 43980 | Shoals:4 | Reached skill level 8 in Shields
 44242 | Shoals:4 | Reached skill level 9 in Shields
 44605 | Shoals:3 | Bought a cursed +0 shield for 24 gold pieces
 44714 | Snake:1  | Entered Level 1 of the Snake Pit
 44856 | Snake:1  | Identified the amulet "Puosur" {Reflect rN+ MR+ Str+3 SH+4 Stlth+} (You found it in a treasure trove)
 44886 | Snake:1  | Offered knowledge of Spellforged Servitor by Vehumet.
 45332 | Snake:1  | Reached skill level 10 in Shields
 45585 | Snake:1  | Found Giptefos's Jewellery Emporium.
 45646 | Snake:1  | Found Usoud's Jewellery Emporium.
 45646 | Snake:1  | Found Vochos's Gadget Shop.
 45907 | Snake:1  | Noticed Agnes
 45909 | Snake:1  | Killed Agnes
 46625 | Snake:2  | Reached skill level 11 in Shields
 47625 | Snake:2  | Reached skill level 12 in Shields
 48532 | Snake:3  | Reached skill level 13 in Shields
 48918 | Snake:3  | Reached XP level 19. HP: 124/124 MP: 38/38
 49060 | Snake:3  | Reached skill level 14 in Shields
 49205 | Snake:3  | Got a bound ivory ring
 49490 | Snake:3  | Identified the ring "Gaqeuf" {rF+ Int+4 Dex-5} (You found it on level 3 of the Snake Pit)
 49618 | Snake:4  | Entered Level 4 of the Snake Pit
 49679 | Snake:4  | Reached skill level 4 in Fire Magic
 49708 | Snake:4  | Reached skill level 11 in Conjurations
 49924 | Snake:4  | Reached skill level 16 in Spellcasting
 50184 | Snake:4  | Offered knowledge of Bolt of Fire by Vehumet.
 50394 | Snake:4  | Reached skill level 5 in Fire Magic
 51001 | Snake:4  | Got a serpentine rune of Zot
 51717 | Snake:2  | Learned a level 6 spell: Bolt of Fire
 51928 | Elf:1    | Entered Level 1 of the Elven Halls
 52041 | Elf:1    | Reached skill level 6 in Fire Magic
 52563 | Elf:1    | Offered knowledge of Lehudib's Crystal Spear by Vehumet.
 52563 | Elf:1    | Offered knowledge of Glaciate by Vehumet.
 52563 | Elf:1    | Offered knowledge of Chain Lightning by Vehumet.
 52655 | Elf:1    | Reached skill level 12 in Conjurations
 53014 | Elf:1    | Reached skill level 15 in Shields
 53430 | Elf:1    | Learned a level 8 spell: Lehudib's Crystal Spear
 53801 | Elf:2    | Found a ruined gateway.
 53814 | Elf:2    | Learned a level 3 spell: Regeneration
 53822 | Desolati | Entered the Desolation of Salt
 53847 | Desolati | Reached XP level 20. HP: 122/129 MP: 2/40
 53862 | Desolati | Reached skill level 7 in Fire Magic
 54663 | Desolati | Reached skill level 8 in Fire Magic
 54885 | Desolati | Got a translucent leather armour
 54902 | Desolati | Got a slimy iron ring
 54919 | Desolati | Reached skill level 13 in Conjurations
 55217 | Desolati | Identified the amulet "Gucilur" {Harm *Drain rF+} (You took it off a ragged hierophant in the Desolation of Salt)
 55231 | Desolati | Got a clouded turquoise ring
 55301 | Desolati | Identified the ring "Moczel" {MP+9 Str+3 Dex+3} (You took it off an imperial myrmidon in the Desolation of Salt)
 55504 | Desolati | Identified the ring of the Monkey {rF+ Str+2 Dex+2} (You took it off a servant of whispers in the Desolation of Salt)
 55522 | Desolati | Got a pair of shimmering gloves
 55533 | Desolati | Identified the cursed -1 pair of gloves "Axaupsot" {rCorr Str+2} (You found it in the Desolation of Salt)
 55927 | Desolati | Identified the Handbook of Toxins and Malediction
 55931 | Desolati | Identified the Handbook of Attacks and the Arsonist
 55967 | Desolati | Identified the Compendium of Glacial Venom
 56160 | Elf:2    | Reached skill level 17 in Spellcasting
 56930 | Elf:2    | Reached skill level 9 in Fire Magic
 57708 | Elf:2    | Found a huge runed gate.
 57708 | Elf:2    | Found a huge runed gate.
 57709 | Elf:2    | Found a huge runed gate.
 57710 | Elf:2    | Found a huge runed gate.
 57715 | Elf:2    | Found a huge runed gate.
 58274 | Elf:3    | Entered Level 3 of the Elven Halls
 58792 | Elf:3    | Reached XP level 21. HP: 136/136 MP: 28/42
 58961 | Elf:3    | Reached skill level 16 in Fighting
 59142 | Elf:3    | Reached skill level 14 in Conjurations
 59303 | Elf:3    | Reached skill level 10 in Fire Magic
 59780 | Elf:3    | Got a faintly glowing garnet amulet
 59785 | Elf:3    | Got a steaming robe
 60070 | Elf:3    | Got a bloodstained ring mail
 60286 | Elf:3    | Identified the +1 robe of Ymuoxum {rPois rC+} (You took it off a deep elf sorcerer on level 3 of the Elven Halls)
 60343 | Elf:3    | Identified the Guide on Dark Weightlessness
 60469 | Elf:3    | Got a fine scale mail
 60554 | Elf:3    | Found the +9 heavy crossbow "Sniper" {velocity, Acc+∞ SInv}
 60561 | Elf:3    | Identified the Catalogue of Burning Curses
 60960 | Vaults:1 | Entered Level 1 of the Vaults
 61463 | Vaults:1 | Noticed Nikola
 61603 | Vaults:1 | Killed Nikola
 61603 | Vaults:1 | Reached skill level 15 in Conjurations
 61646 | Vaults:1 | Reached skill level 17 in Fighting
 62109 | Vaults:1 | Identified the amulet of the Shrike {Gourm rElec Str+2 Dex+6} (You took it off a deep elf sorcerer on level 3 of the Elven Halls)
 62283 | Vaults:1 | Reached skill level 18 in Spellcasting
 62290 | Vaults:1 | Reached XP level 22. HP: 145/145 MP: 40/44
 62339 | Vaults:1 | Iwannabefree: Зе аноним
 62339 | Vaults:1 | MrVivor: шо девятое?
 62339 | Vaults:1 | MrVivor: тьфу, третье?
 62339 | Vaults:1 | DEFE: blasted by an ogre mage (bolt of lightning)
 62339 | Vaults:1 | Iwannabefree: Утро четверга
 62339 | Vaults:1 | DEFE: йо
 62339 | Vaults:1 | Iwannabefree: Вы что ебанутые что вы тут делаете
 62339 | Vaults:1 | Iwannabefree: Дороу
 62339 | Vaults:1 | DEFE: А ты?
 62339 | Vaults:1 | Iwannabefree: Я еду на пары
 62339 | Vaults:1 | DEFE: ты с мобилы сидишь в кравле?
 62339 | Vaults:1 | Iwannabefree: Ага
 62339 | Vaults:1 | Iwannabefree: Чисто ради чатика
 62339 | Vaults:1 | DEFE: представляю как тебе неудобно писать в чат
 62339 | Vaults:1 | Iwannabefree: Удобно
 62339 | Vaults:1 | Iwannabefree: Только не видно что в игре происходит
 62339 | Vaults:1 | DEFE: надо приложение кравла сделать
 62339 | Vaults:1 | Iwannabefree: Потому что окно чата на весь экран
 62339 | Vaults:1 | DEFE: только не ясно как интерфейс сделать
 62339 | Vaults:1 | DEFE: без кнопок
 62339 | Vaults:1 | DEFE: а на кого тыучишься?
 62339 | Vaults:1 | MrVivor: есть приложение для кравла
 62339 | Vaults:1 | theanonym: !lg
 62339 | Vaults:1 | MrVivor: даже более-менее играбельное
 62339 | Vaults:1 | theanonym: !lg
 62339 | Vaults:1 | beem: 54. theanonym the Digger (L1 GrEE), slain by a gnoll (a +0 club) on D:1 on 2017-10-18 19:06:52, with 2 points after 63 turns and 0:00:41.
 62339 | Vaults:1 | theanonym: А это другая уже
 62901 | Vaults:1 | Noticed Jorgrun
 62901 | Vaults:1 | Killed Jorgrun
 64215 | Vaults:2 | Noticed Mennas
 64910 | Vaults:2 | Noticed Frederick
 65073 | Vaults:2 | Killed Frederick
 65076 | Vaults:2 | Killed Mennas
 65076 | Vaults:2 | Reached skill level 16 in Conjurations
 65748 | Vaults:2 | Reached skill level 18 in Fighting
 65775 | Vaults:2 | Noticed Asterion
 66281 | Vaults:2 | Killed Asterion
 67037 | Vaults:2 | Found a staircase to the Crypt.
 68758 | Vaults:3 | Reached skill level 22 in Earth Magic
 68758 | Vaults:3 | Reached XP level 23. HP: 152/152 MP: 45/45
 68861 | Vaults:3 | Found a burning altar of Makhleb.
 70023 | Vaults:4 | Reached skill level 5 in Armour
 70582 | Vaults:4 | Noticed Margery
 70584 | Vaults:4 | Killed Margery
 71048 | Vaults:4 | Reached skill level 6 in Armour
 71049 | Vaults:4 | Reached skill level 19 in Spellcasting
 72022 | Crypt:1  | Entered Level 1 of the Crypt
 72616 | Crypt:1  | Noticed Saint Roka
 72618 | Crypt:1  | Killed Saint Roka
 72618 | Crypt:1  | Reached skill level 17 in Conjurations
 73306 | Crypt:1  | Got a heavily runed buckler
 73528 | Crypt:1  | Noticed Jory
 73530 | Crypt:1  | Noticed a greater mummy
 73531 | Crypt:1  | Killed Jory
 73533 | Crypt:1  | Killed a greater mummy
 75347 | Crypt:2  | Identified a scroll of acquirement
 75356 | Crypt:2  | Reached skill level 19 in Fighting
 75356 | Crypt:2  | Reached XP level 24. HP: 160/160 MP: 46/46
 75357 | Crypt:2  | Reached XP level 25. HP: 166/166 MP: 46/46
 76253 | Crypt:3  | Entered Level 3 of the Crypt
 76698 | Crypt:3  | Reached XP level 26. HP: 172/172 MP: 40/46
 76743 | Crypt:3  | Noticed an ancient lich
 76744 | Crypt:3  | Killed an ancient lich
 76778 | Crypt:3  | Found an ancient bone altar of Kikubaaqudgha.
 76819 | Crypt:3  | Found the +4 Vampire's Tooth {vamp}
 76870 | Crypt:3  | Reached skill level 18 in Conjurations
 76870 | Crypt:3  | Reached skill level 23 in Earth Magic
 77540 | Crypt:3  | Found a staircase to the Tomb.
 77943 | Crypt:3  | Learned a level 2 spell: Blink
 78100 | D:15     | Entered Level 15 of the Dungeon
 79225 | D:15     | Found a staircase to the Depths.
 79323 | Depths:1 | Entered Level 1 of the Depths
 79509 | Depths:1 | Reached skill level 20 in Fighting
 79673 | Depths:1 | Reached skill level 20 in Spellcasting
 79946 | Depths:1 | Found Inijin's Changing Room.
 80175 | Depths:1 | Found a gateway to Hell.
 80661 | Depths:2 | Found a one-way gate to the infinite horrors of the Abyss.
 80662 | Depths:2 | Reached skill level 19 in Conjurations
 80720 | Depths:2 | Reached skill level 2 in Dodging
 80752 | Depths:2 | Reached skill level 3 in Dodging
 80758 | Depths:2 | Reached XP level 27. HP: 179/179 MP: 26/47
 81140 | Depths:2 | Reached skill level 4 in Dodging
 81588 | Depths:2 | Noticed theanonym's ghost (adept DEIE)
 81607 | Depths:2 | Killed theanonym's ghost
 82164 | Depths:3 | Reached skill level 5 in Dodging
 82189 | Depths:3 | Noticed Sojobo
 82359 | Depths:3 | Found Bimuniu's Magic Scroll Shoppe.
 82537 | Depths:3 | Reached skill level 6 in Dodging
 82727 | Depths:3 | Bought a scroll of acquirement for 936 gold pieces
 82732 | Depths:3 | Learned a level 2 spell: Swiftness
 82733 | Depths:3 | theanonym: slay-4 можно же взять?
 82733 | Depths:3 | theanonym: Магу
 82733 | Depths:3 | theanonym: ??slay
 82733 | Depths:3 | beem: slay ~ slaying[1/2]: Added to your weapon {enchantment}. Magic is unaffected, throwing and unarmed combat are affected.
 82733 | Depths:3 | theanonym: ??slay[2
 82733 | Depths:3 | beem: slay ~ slaying[2/2]: Like other stat rings, slaying rings can generate as high as +6 and as low as -6.
 82999 | Orc:2    | Bought the ring "Cezuex" {Wiz rElec rPois rF++ Int+3 Slay-4} for 552 gold pieces
 83213 | Depths:3 | Found Eshrolow's One-of-a-Kind Books.
 83249 | Depths:3 | Killed Sojobo
 83891 | Depths:3 | Found a gateway to a ziggurat.
 83994 | Depths:3 | Found Lekoulom's Food Shop.
 84003 | Depths:3 | Bought a royal jelly for 26 gold pieces
 84003 | Depths:3 | Bought a royal jelly for 26 gold pieces
 84003 | Depths:3 | Bought a royal jelly for 26 gold pieces
 84408 | Depths:3 | theanonym: ??repulsion
 84408 | Depths:3 | beem: repulsion[1/1]: A scarf ego that grants the effect of {repel missiles}.
 84408 | Depths:3 | theanonym: ??reflect
 84408 | Depths:3 | beem: reflect ~ reflection[1/3]: A shield of reflection will reflect blocked missiles back the way they came from. Does not improve the chance of blocking the missiles in the first place, and kills with reflected projectiles do not award xp or piety.
 84408 | Depths:3 | theanonym: ??reflect[2
 84408 | Depths:3 | beem: reflect ~ reflection[2/3]: The spriggan defender reflects the flood of elemental water off its shiny buckler! The flood of elemental water misses you. Splash! You fall into the shallow water.
 84408 | Depths:3 | theanonym: ??reflect[2[3
 84408 | Depths:3 | beem: I don't have a page labeled reflect2[3] in my learndb.
 84408 | Depths:3 | theanonym: ??reflect[3
 84408 | Depths:3 | beem: reflect ~ reflection[3/3]: !lm qw zig:15 31 -tv:T64400
 84408 | Depths:3 | Reached skill level 7 in Dodging
 84421 | Depths:3 | Reached skill level 20 in Conjurations
 84741 | Depths:4 | Reached skill level 8 in Dodging
 84749 | Depths:4 | Reached skill level 9 in Dodging
 84751 | Depths:4 | Reached skill level 11 in Fire Magic
 85300 | Depths:4 | Reached skill level 10 in Dodging
 85489 | Depths:4 | Found a corrupted altar of Lugonu.
 85824 | Depths:4 | Reached skill level 12 in Fire Magic
 86400 | Depths:5 | Entered Level 5 of the Depths
 86771 | Depths:5 | Reached skill level 13 in Fire Magic
 87516 | Depths:5 | Reached skill level 14 in Fire Magic
 88086 | Shoals:1 | Learned a level 8 spell: Ignition
 88738 | Depths:5 | Reached skill level 15 in Fire Magic
 88992 | Depths:5 | Found a gate to the Realm of Zot.
 89702 | Vaults:5 | Entered Level 5 of the Vaults
 89704 | Vaults:5 | Reached skill level 16 in Fire Magic
 89722 | Vaults:5 | Reached skill level 17 in Fire Magic
 89984 | Vaults:5 | Reached skill level 18 in Fire Magic
 90546 | Vaults:5 | Identified the Disquisition on Transmigration
 91125 | Vaults:5 | Got a silver rune of Zot
 91950 | Depths:1 | Bought a potion of mutation for 160 gold pieces
 92785 | Zot:1    | Entered Level 1 of the Realm of Zot
 93199 | Zot:1    | Reached skill level 19 in Fire Magic
 93266 | Zot:1    | Reached skill level 16 in Shields
 93405 | Zot:1    | Cast into level 5 of the Abyss (a Zot trap)
 93405 | Abyss:5  | Entered Level 5 of the Abyss
 93724 | Zot:1    | Escaped the Abyss
 94478 | Zot:1    | Got a shimmering chain mail
 94603 | Zot:2    | Reached skill level 17 in Shields
 95084 | Zot:2    | Reached skill level 20 in Fire Magic
 95667 | Zot:2    | Reached skill level 18 in Shields
 98080 | Zot:4    | Reached skill level 19 in Shields
100842 | Slime:1  | Entered Level 1 of the Pits of Slime
100843 | Slime:1  | Reached skill level 20 in Shields
101404 | Slime:5  | Entered Level 5 of the Pits of Slime
101419 | Slime:5  | Reached skill level 21 in Shields
101544 | Slime:5  | Noticed the Royal Jelly
101549 | Slime:5  | Killed the Royal Jelly
101697 | Slime:5  | vineage: fucking sick bro
101953 | Slime:5  | Identified Qogem's Guide on Twisted Heat
101979 | Slime:5  | Got a slimy rune of Zot
101981 | Slime:5  | Got a faintly glowing amber ring
102006 | Slime:5  | Identified Citiusk's Papyrus of Air
102011 | Slime:5  | Identified the ring of Elitism {rCorr rN++ MP-9 Stlth+} (You found it on level 5 of the Pits of Slime)
102019 | Slime:5  | Got an ichor-stained cloak
102033 | Slime:5  | Identified the +0 cloak of the Armadillo {rElec Str-3 Dex-3 Slay+5} (You found it on level 5 of the Pits of Slime)
102242 | Slime:5  | Reached skill level 22 in Shields
102789 | Pan      | Entered Pandemonium
103227 | Pan      | Reached skill level 11 in Dodging
103248 | Pan      | Got a warped bone ring
103249 | Pan      | Identified the cursed ring "Lavirux" {MR+ Dex-2 Stlth+} (You found it in Pandemonium)
104530 | Pan      | Noticed Ihos the pandemonium lord
104534 | Pan      | Killed Ihos the pandemonium lord
104752 | Pan      | Got a demonic rune of Zot
105519 | Pan      | Reached skill level 12 in Dodging
106325 | Pan      | Reached skill level 23 in Shields
106372 | Pan      | Noticed Soufoutze the pandemonium lord
106631 | Pan      | Killed Soufoutze the pandemonium lord
107224 | Pan      | Reached skill level 13 in Dodging
107404 | Pan      | Noticed Quokud the pandemonium lord
107407 | Pan      | Killed Quokud the pandemonium lord
107530 | Pan      | MrVivor: На победку идешь?
107540 | Pan      | theanonym: Не знаю в прошлый раз в основном ангелы боссов убивали
107988 | Pan      | Found an exit through the horrors of the Abyss.
108469 | Pan      | Noticed Daod Erghax the pandemonium lord
108474 | Orc:2    | Escaped Pandemonium
108660 | Orc:2    | Killed Daod Erghax the pandemonium lord
108729 | Pan      | Entered Pandemonium
108757 | Pan      | Got a ripped robe
108762 | Pan      | Identified the +1 robe "Nikh" {+Blink Slay+3} (You found it in Pandemonium)
108777 | Pan      | Reached skill level 24 in Shields
108934 | Pan      | Reached skill level 14 in Dodging
109278 | Pan      | Got a transparent sapphire amulet
110017 | Pan      | Noticed Tafomiug the pandemonium lord
110031 | Pan      | Killed Tafomiug the pandemonium lord
110574 | Pan      | Noticed Nawaeto the pandemonium lord
110575 | Pan      | Killed Nawaeto the pandemonium lord
110839 | Pan      | Reached skill level 15 in Dodging
111126 | Pan      | Reached skill level 25 in Shields
111459 | Pan      | Gained mutation: You have large cloven feet. [a neqoxec]
111800 | Pan      | Reached skill level 24 in Earth Magic
112560 | Pan      | Reached skill level 21 in Spellcasting
112799 | Pan      | Found a runed door.
113288 | Pan      | Noticed Nutifreo the pandemonium lord
113292 | Pan      | Killed Nutifreo the pandemonium lord
113456 | Pan      | Entered the realm of Lom Lobon.
113474 | Pan      | Upgraded the game from 0.21-a0-394-gdc75ea7 to 0.21-a0-396-ga924934
113478 | Pan      | Noticed Lom Lobon
113478 | Pan      | theanonym: ??lom lobon
113478 | Pan      | beem: lom lobon[1/3]: Guardian of the magical rune of Zot. Has some dangerous spells: glaciate, conjure ball lightning, major healing, tornado, blink range. But is not particularly robust, normal speed and is rather easy to steal from. Also, his melee is anti-magic.
113478 | Pan      | theanonym: ??lom lobon[2
113478 | Pan      | beem: lom lobon[2/3]: Made the mistake of building his lair out of garish green crystal walls. Do him a favor and rapidly deconstruct them.
113478 | Pan      | theanonym: ??lom lobon[3
113478 | Pan      | beem: lom lobon[3/3]: Consider drinking a potion of flight before facing him if you're fighting near deep water. His tornado can throw you into the water, inflicting heavy draining.
113485 | Pan      | Reached skill level 21 in Conjurations
114196 | Pan      | Killed Lom Lobon
114199 | Pan      | Identified the amulet of Fixation {Spirit MP+9 Int+2 Slay+3} (You took it off a corrupter in Pandemonium)
114452 | Pan      | Got a magical rune of Zot
116038 | Pan      | Reached skill level 25 in Earth Magic
116224 | Pan      | theanonym: @? brimstone fiend
116224 | Pan      | beem: Brimstone Fiend (1)
                  | Spd:
    10 | HD: 18   | HP: 75-117
                  | AC/EV: 15/6
                  | Dam: 25, 15, 15
                  | demonic, doors, evil, see invisible, fly
                  | Res: magic(immune), fire+++, damnation, poison, rot, neg+++, torm
                  | Vul: cold, drown, holy
                  | XP: 3309
                  | Sp: hurl damnation (3d20) [!sil], s.torment [!sil]
                  | Sz: Large
                  | Int: human.
116950 | Pan      | Reached skill level 22 in Spellcasting
118318 | Pan      | Noticed Ushraepp the pandemonium lord
118322 | Pan      | Killed Ushraepp the pandemonium lord
118594 | Pan      | Found a huge runed gate.
118890 | Pan      | Gained mutation: You expend magic power (3 MP) to strengthen your wands. [a cacodemon]
119507 | Pan      | Lost mutation: You expend magic power (3 MP) to strengthen your wands. [a cacodemon]
119508 | Pan      | Reached skill level 22 in Conjurations
119972 | Pan      | Noticed Gimim the pandemonium lord
120492 | Pan      | Killed Gimim the pandemonium lord
120492 | Pan      | Reached skill level 21 in Fire Magic
120933 | Pan      | Noticed Urphud the pandemonium lord
120938 | Pan      | Killed Urphud the pandemonium lord
120948 | Pan      | Reached skill level 23 in Spellcasting
121264 | Pan      | Entered the realm of Gloorx Vloq.
121266 | Pan      | Noticed Gloorx Vloq
121271 | Pan      | Killed Gloorx Vloq
121495 | Pan      | Got a dark rune of Zot
123506 | Pan      | Reached skill level 23 in Conjurations
123703 | Pan      | Found an exit through the horrors of the Abyss.
124004 | Pan      | theanonym: @?cherub
124004 | Pan      | beem: cherub (A)
                  | Spd:
    10 | HD: 9    | HP: 65-90
                  | AC/EV: 12/20
                  | Dam: 15, 8
                  | holy, weapons, items, doors, fighter, archer, see invisible, fly
                  | Res: magic(100), fire, elec, poison, rot, neg+++, holy+++
                  | XP: 744
                  | Sp: battlecry [!AM]
                  | Sz: Medium
                  | Int: human.
124889 | Pan      | Reached skill level 7 in Armour
125092 | Pan      | Found a glowing silver altar of Zin.
125099 | Pan      | Identified Hozesugg's Thorough Guide to Wizardry (You acquired it in Pandemonium)
125131 | Pan      | Got a distressingly furry buckler
125785 | Pan      | Reached skill level 22 in Fire Magic
125836 | Pan      | Found a white marble altar of Elyvilon.
126280 | Orc:2    | Escaped Pandemonium
126354 | Elf:1    | Learned a level 7 spell: Ring of Flames
126420 | Pan      | Entered the realm of Cerebov.
126420 | Pan      | Entered Pandemonium
126446 | Pan      | Reached skill level 8 in Armour
126593 | Pan      | Found an exit through the horrors of the Abyss.
127501 | Pan      | theanonym: @?balrug
127501 | Pan      | beem: balrug (2)
                  | Spd:
    12 | HD: 14   | HP: 58-90
                  | AC/EV: 5/12
                  | Dam: 25(fire:14-27)
                  | demonic, weapons, items, doors, fighter, evil, see invisible, fly
                  | Res: magic(160), fire+++, poison, rot, neg+++, torm
                  | Vul: cold, drown, holy
                  | XP: 1648
                  | Sp: sticky flame range (3d6) [!sil], b.fire (3d23) [!sil], fireball (3d23) [!sil], smiting (7-17) [!sil]
127501 | Pan      | beem:
                  | Sz: Large
                  | Int: human.
127593 | Pan      | Got a vibrating marble ring
127680 | Pan      | Noticed Cerebov
127691 | Pan      | Killed Cerebov
127691 | Pan      | Reached skill level 9 in Armour
127691 | Pan      | Reached skill level 24 in Spellcasting
128068 | Pan      | Got a fiery rune of Zot
128321 | Pan      | Entered the realm of Mnoleg.
128378 | Pan      | Noticed Mnoleg
128623 | Pan      | Gained mutation: Scrolls take you a little longer to read. [a neqoxec]
128663 | Pan      | theanonym: @?mnoleg
128663 | Pan      | beem: Mnoleg (&)
                  | Spd:
    13 | HD: 17   | HP: 290-395
                  | AC/EV: 10/25
                  | Dam: 40(claw), 35(mutation), 30, 23(blink self)
                  | demonic, doors, fighter, evil, see invisible
                  | Res: magic(immune), fire, elec, poison, rot, neg+++, torm
                  | Vul: holy, silver
                  | XP: 10673
                  | Sp: b.random (3d22 / 3d20 / 3d24 / 3d21 / 3d26) [!sil], malign gateway [!sil], sum.eyeballs
128663 | Pan      | beem: [!sil], sum.horrible things [!sil], c.chaos [!sil], dig [!sil]
                  | Sz: Large
                  | Int: human.
128888 | Pan      | Killed Mnoleg
128890 | Pan      | Reached skill level 10 in Armour
128929 | Pan      | Reached skill level 21 in Fighting
128935 | Pan      | Gained mutation: Your spells are a little easier to cast, but a little less powerful. [a cacodemon]
129095 | Pan      | Got a glowing rune of Zot
129478 | Pan      | Noticed Asuem the pandemonium lord
129497 | Pan      | Found an exit through the horrors of the Abyss.
129789 | Pan      | Lost mutation: Scrolls take you a little longer to read. [potion of mutation]
129789 | Pan      | Gained mutation: Scrolls take you a little longer to read. [potion of mutation]
129789 | Pan      | Gained mutation: Your flesh is heat resistant. (rF+) [potion of mutation]
129789 | Pan      | Gained mutation: You are surrounded by a mild repulsion field. (EV +2) [potion of mutation]
129877 | Pan      | Identified the ring of Soenid {*Tele rC+ rN+ MR-} (You took it off a balrug in Pandemonium)
130049 | Pan      | Reached skill level 24 in Conjurations
131065 | Pan      | Found a huge runed gate.
131074 | Pan      | Noticed Ifysypui the pandemonium lord
131080 | Pan      | Killed Ifysypui the pandemonium lord
131291 | Pan      | Found an exit through the horrors of the Abyss.
131384 | Pan      | Gained mutation: You are clumsy. (Dex -2) [a cacodemon]
131555 | Pan      | Noticed Sybikhlage the pandemonium lord
131576 | Pan      | Killed Sybikhlage the pandemonium lord
131576 | Pan      | Reached skill level 23 in Fire Magic
131825 | Pan      | Learned a level 9 spell: Glaciate
131839 | Pan      | Reached skill level 1 in Ice Magic
131851 | Pan      | Reached skill level 2 in Ice Magic
131860 | Pan      | Reached skill level 3 in Ice Magic
131867 | Pan      | Reached skill level 4 in Ice Magic
132107 | Pan      | Reached skill level 5 in Ice Magic
132317 | Pan      | Reached skill level 6 in Ice Magic
132495 | Pan      | Noticed Tilofe the pandemonium lord
132508 | Pan      | Killed Tilofe the pandemonium lord
132649 | Pan      | Reached skill level 7 in Ice Magic
132947 | Pan      | Reached skill level 8 in Ice Magic
133009 | Pan      | Found an exit through the horrors of the Abyss.
133162 | Pan      | Reached skill level 9 in Ice Magic
133364 | Pan      | Reached skill level 10 in Ice Magic
133465 | Pan      | Noticed Dokhly the pandemonium lord
133471 | Pan      | Killed Dokhly the pandemonium lord
133772 | Pan      | Reached skill level 11 in Ice Magic
134290 | Pan      | Found a runed door.
134367 | Pan      | Found a runed door.
134368 | Pan      | Noticed Cyufeg the pandemonium lord
134369 | Pan      | Reached skill level 12 in Ice Magic
134376 | Pan      | Killed Cyufeg the pandemonium lord
134377 | Pan      | Found a runed door.
134377 | Pan      | Found a runed door.
134504 | Pan      | Found an exit through the horrors of the Abyss.
134785 | Pan      | Reached skill level 13 in Ice Magic
135163 | Pan      | Got a sparkling lapis lazuli ring
135317 | Pan      | Found a transporter.
135342 | Pan      | Found an exit through the horrors of the Abyss.
135454 | Pan      | Reached skill level 14 in Ice Magic
136127 | Pan      | Found a transporter.
136502 | Pan      | Reached skill level 15 in Ice Magic
136524 | Pan      | Reached skill level 16 in Ice Magic
136834 | Pan      | Identified the ring of Biagh {rF+ rN+} (You took it off a monstrous demonspawn in Pandemonium)
136841 | Pan      | Got a wavering turquoise ring
136844 | Pan      | Identified the ring "Ikoihen" {rF- MR+ Dex+6} (You found it in Pandemonium)
136851 | Pan      | Got a crude golden ring
136854 | Pan      | Identified the ring of Kiehios {rPois rC+ Dex+4} (You found it in Pandemonium)
136983 | Pan      | Found a huge runed gate.
137005 | Pan      | Noticed Cupotze the pandemonium lord
137453 | Pan      | Killed Cupotze the pandemonium lord
137508 | Pan      | Reached skill level 17 in Ice Magic
137741 | Pan      | Found an exit through the horrors of the Abyss.
137753 | Orc:2    | Escaped Pandemonium
137786 | Orc:2    | Bought a scroll of enchant armour for 97 gold pieces
137786 | Orc:2    | Bought a scroll of teleportation for 39 gold pieces
137786 | Orc:2    | Bought a scroll of fog for 26 gold pieces
137786 | Orc:2    | Bought a scroll of fear for 45 gold pieces
137786 | Orc:2    | Bought a scroll of magic mapping for 45 gold pieces
138872 | Elf:1    | Learned a level 6 spell: Freezing Cloud
138940 | Pan      | Entered Pandemonium
139606 | Pan      | Reached skill level 18 in Ice Magic
139885 | Pan      | Noticed Nyaxt the pandemonium lord
139892 | Pan      | Killed Nyaxt the pandemonium lord
140182 | Pan      | Found an exit through the horrors of the Abyss.
140986 | Pan      | Reached skill level 19 in Ice Magic
141438 | Pan      | Noticed Olliruhi the pandemonium lord
141442 | Pan      | Killed Olliruhi the pandemonium lord
141636 | Pan      | Reached skill level 20 in Ice Magic
141658 | Pan      | Found an exit through the horrors of the Abyss.
142244 | Pan      | Noticed Kyqah the pandemonium lord
142251 | Pan      | Killed Kyqah the pandemonium lord
142345 | Pan      | Took an exit into the Abyss.
142345 | Abyss:1  | Escaped into the Abyss
142451 | Abyss:1  | theanonym: @?spatial vorice
142451 | Abyss:1  | beem: unknown monster: "spatial vorice"
142451 | Abyss:1  | theanonym: @?spatial voric
142451 | Abyss:1  | beem: unknown monster: "spatial voric"
142451 | Abyss:1  | theanonym: @?spatial vortice
142451 | Abyss:1  | beem: unknown monster: "spatial vortice"
142451 | Abyss:1  | theanonym: @?spatial vortic
142451 | Abyss:1  | beem: unknown monster: "spatial vortic"
142451 | Abyss:1  | theanonym: @?spatial vortices
142451 | Abyss:1  | beem: unknown monster: "spatial vortices"
142451 | Abyss:1  | theanonym: @?spatial vortices
142451 | Abyss:1  | beem: unknown monster: "spatial vortices"
142451 | Abyss:1  | theanonym: @?spatial vortice
142451 | Abyss:1  | beem: unknown monster: "spatial vortice"
143464 | Abyss:2  | Found a corrupted altar of Lugonu.
143492 | Abyss:2  | Gained mutation: You are dopey. (Int -2) [a neqoxec]
143637 | Abyss:2  | Noticed an ancient lich
143640 | Abyss:2  | Killed an ancient lich
143640 | Abyss:2  | Reached skill level 22 in Fighting
143759 | Abyss:3  | Found a corrupted altar of Lugonu.
143921 | Abyss:3  | Found a corrupted altar of Lugonu.
144248 | Abyss:3  | Lost mutation: You are dopey. (Int -2) [potion of mutation]
144248 | Abyss:3  | Lost mutation: Your flesh is heat resistant. (rF+) [potion of mutation]
144248 | Abyss:3  | Gained mutation: Your mind is acute. (Int +2) [potion of mutation]
144248 | Abyss:3  | Gained mutation: You have a pair of small horns on your head. [potion of mutation]
144249 | Abyss:3  | Lost mutation: Your mind is acute. (Int +2) [potion of mutation]
144249 | Abyss:3  | Lost mutation: You have a pair of small horns on your head. [potion of mutation]
144249 | Abyss:3  | Lost mutation: Scrolls take you a little longer to read. [potion of mutation]
144249 | Abyss:3  | Gained mutation: You are partially covered in yellow scales. (AC +2) [potion of mutation]
144305 | Abyss:3  | Reached skill level 21 in Ice Magic
144962 | Abyss:3  | Got an abyssal rune of Zot
144983 | Abyss:3  | Reached skill level 25 in Spellcasting
145147 | Abyss:3  | Reached skill level 25 in Conjurations
145301 | Orc:2    | Escaped the Abyss
145509 | Orc:2    | Lost mutation: You have large cloven feet. [potion of mutation]
145509 | Orc:2    | Lost mutation: Your spells are a little easier to cast, but a little less powerful. [potion of mutation]
145509 | Orc:2    | Lost mutation: You are clumsy. (Dex -2) [potion of mutation]
145509 | Orc:2    | Lost mutation: You are partially covered in yellow scales. (AC +2) [potion of mutation]
145509 | Orc:2    | Gained mutation: You are resistant to hostile enchantments. (MR+) [potion of mutation]
145509 | Orc:2    | Gained mutation: You are somewhat resistant to further mutation. [potion of mutation]
145560 | Orc:2    | Bought an uncursed amulet of magic regeneration for 300 gold pieces
145784 | Hell     | Entered the Vestibule of Hell
145784 | Hell     | Noticed Geryon
145791 | Hell     | Killed Geryon
146068 | Hell     | Reached skill level 24 in Fire Magic
146254 | Hell     | Found a gateway to the ashen valley of Gehenna.
146412 | Hell     | Found a gateway to the Iron City of Dis.
146571 | Hell     | Found a gateway to the freezing wastes of Cocytus.
146724 | Hell     | Found a gateway to the decaying netherworld of Tartarus.
147458 | Geh:1    | Entered Level 1 of Gehenna
147469 | Geh:1    | Reached skill level 23 in Fighting
148373 | Geh:3    | Reached skill level 22 in Ice Magic
148828 | Geh:5    | Gained mutation: You are dopey. (Int -2) [mutagenic glow]
148917 | Geh:7    | Entered Level 7 of Gehenna
148943 | Geh:7    | theanonym: ??gehenna:7
148943 | Geh:7    | beem: I don't have a page labeled gehenna:7 in my learndb.
148943 | Geh:7    | theanonym: ??gehenna
148943 | Geh:7    | beem: gehenna[1/3]: The branch of damnation. Home of Asmodeus and the obsidian rune. Lots of lava, sticky flame, and damnation. Highest concentration of Fiends in any branch; High HP is recommended here.
149485 | Geh:7    | Reached skill level 26 in Earth Magic
149498 | Geh:7    | Learned a level 9 spell: Fire Storm
149715 | Geh:7    | Noticed Asmodeus
149725 | Geh:7    | Killed Asmodeus
149725 | Geh:7    | Reached skill level 24 in Fighting
149744 | Geh:7    | Got an obsidian rune of Zot
149763 | Geh:7    | Identified Sif Muna's Handbook of Good Luck and Confrontation
150118 | Tar:1    | Entered Level 1 of Tartarus
151086 | Coc:1    | Entered Level 1 of Cocytus
151092 | Coc:1    | Reached skill level 1 in Staves
151241 | Coc:2    | Reached skill level 2 in Staves
151259 | Coc:2    | Reached skill level 23 in Ice Magic
151287 | Coc:2    | Reached skill level 25 in Fire Magic
151314 | Coc:2    | Reached skill level 3 in Staves
151555 | Coc:4    | Reached skill level 4 in Staves
151741 | Coc:5    | Reached skill level 5 in Staves
152109 | Coc:7    | Entered Level 7 of Cocytus
152133 | Coc:7    | Reached skill level 6 in Staves
152217 | Coc:7    | Reached skill level 7 in Staves
152277 | Coc:7    | Reached skill level 25 in Fighting
152377 | Coc:7    | Reached skill level 8 in Staves
152580 | Coc:7    | Gained mutation: You tend to lose your temper in combat. [mutagenic glow]
152655 | Coc:7    | Got a scintillating pewter ring
152656 | Coc:7    | Identified the ring "Romac" {+Blink rPois rF- AC+3 Int-3} (You found it on level 7 of Cocytus)
152745 | Coc:7    | Reached skill level 9 in Staves
152811 | Coc:7    | Noticed Antaeus
152822 | Coc:7    | Killed Antaeus
152839 | Coc:7    | Got an icy rune of Zot
153233 | Dis:1    | Entered Level 1 of the Iron City of Dis
153568 | Dis:3    | Gained mutation: You are frail. (-10% HP) [mutagenic glow]
153578 | Dis:3    | Lost mutation: You are frail. (-10% HP) [potion of mutation]
153578 | Dis:3    | Lost mutation: You are dopey. (Int -2) [potion of mutation]
153579 | Dis:3    | Lost mutation: You tend to lose your temper in combat. [potion of mutation]
153579 | Dis:3    | Lost mutation: You are somewhat resistant to further mutation. [potion of mutation]
153579 | Dis:3    | Lost mutation: You are surrounded by a mild repulsion field. (EV +2) [potion of mutation]
153579 | Dis:3    | Lost mutation: You are resistant to hostile enchantments. (MR+) [potion of mutation]
153579 | Dis:3    | Gained mutation: You have sharp toenails. [potion of mutation]
153579 | Dis:3    | Gained mutation: Your flesh is cold resistant. (rC+) [potion of mutation]
153701 | Dis:4    | Reached skill level 26 in Fire Magic
153865 | Dis:5    | You are sucked into a shaft!
153867 | Dis:6    | Reached skill level 10 in Staves
154031 | Dis:7    | Entered Level 7 of the Iron City of Dis
154113 | Dis:7    | Gained mutation: You expend magic power (3 MP) to strengthen your wands. [mutagenic glow]
154537 | Dis:7    | Reached skill level 24 in Ice Magic
154602 | Dis:7    | Reached skill level 11 in Staves
155000 | Dis:7    | Gained mutation: You are frail. (-10% HP) [mutagenic glow]
155298 | Dis:7    | Paralysed by a Zot trap for 3 turns
155536 | Dis:7    | Got a polished helmet
155537 | Dis:7    | Identified the -1 helmet of Vimoneng {-Tele MR+ Int+4} (You found it on level 7 of the Iron City of Dis)
155588 | Dis:7    | Got an iron rune of Zot
155785 | Tar:3    | Reached skill level 12 in Staves
156018 | Tar:6    | Reached skill level 26 in Fighting
156251 | Tar:7    | Entered Level 7 of Tartarus
156253 | Tar:7    | theanonym: @?Ereshkigal
156253 | Tar:7    | beem: Ereshkigal (&)
                  | Spd:
    14 | HD: 18   | HP: 300-410
                  | AC/EV: 10/30
                  | Dam: 40(drain)
                  | demonic, weapons, items, doors, evil, see invisible
                  | Res: magic(immune), cold, elec, poison, rot, neg+++, torm
                  | Vul: holy
                  | XP: 13096
                  | Sp: b.cold (3d27) [!sil], s.torment [!sil], sum.greater demon [!sil], paralyse [!sil], silence [!sil], major healing
156253 | Tar:7    | beem: (50-230) [!sil, emergency]
                  | Sz: Large
                  | Int: human.
156414 | Tar:7    | Reached skill level 26 in Spellcasting
156666 | Tar:7    | Lost mutation: Your flesh is cold resistant. (rC+) [potion of mutation]
156666 | Tar:7    | Lost mutation: You are frail. (-10% HP) [potion of mutation]
156666 | Tar:7    | Lost mutation: You expend magic power (3 MP) to strengthen your wands. [potion of mutation]
156666 | Tar:7    | Lost mutation: You have sharp toenails. [potion of mutation]
156666 | Tar:7    | Gained mutation: You have a beak for a mouth. [potion of mutation]
156666 | Tar:7    | Gained mutation: You are agile. (Dex +2) [potion of mutation]
156666 | Tar:7    | Gained mutation: You have a pair of small horns on your head. [potion of mutation]
156667 | Tar:7    | Lost mutation: You are agile. (Dex +2) [potion of mutation]
156667 | Tar:7    | Gained mutation: You are frail. (-10% HP) [potion of mutation]
156667 | Tar:7    | Gained mutation: Your spells are a little harder to cast, but a little more powerful. [potion of mutation]
156667 | Tar:7    | Gained mutation: Your flesh is heat resistant. (rF+) [potion of mutation]
156667 | Tar:7    | Gained mutation: You possess an exceptional clarity of mind. [potion of mutation]
156668 | Tar:7    | Lost mutation: You are frail. (-10% HP) [potion of mutation]
156668 | Tar:7    | Lost mutation: You have a pair of small horns on your head. [potion of mutation]
156668 | Tar:7    | Gained mutation: You have supernaturally acute eyesight. (SInv) [potion of mutation]
156668 | Tar:7    | Gained mutation: You are partially covered in yellow scales. (AC +2) [potion of mutation]
156935 | Tar:7    | theanonym: @?Tzitzimitl
156935 | Tar:7    | beem: Tzitzimitl (1)
                  | Spd:
    10 | HD: 22   | HP: 84-124
                  | AC/EV: 12/16
                  | Dam: 25(drain speed), 25(rot)
                  | demonic, doors, evil, see invisible, fly
                  | Res: magic(immune), cold++, elec, poison, rot, neg+++, torm
                  | Vul: holy
                  | XP: 3363
                  | Sp: b.cold (3d32) [!sil], b.draining (3d29) [!sil], s.torment [!sil], dispel undead (3d32) [!sil]
                  | Sz: Large
                  | Int: human.
156982 | Tar:7    | Reached skill level 25 in Ice Magic
157042 | Tar:7    | Noticed Ereshkigal
157053 | Tar:7    | Killed Ereshkigal
157087 | Tar:7    | Got a bone rune of Zot
157115 | Tar:7    | Reached skill level 27 in Fighting
157369 | Zig:1    | Entered Level 1 of a ziggurat
157402 | Zig:1    | Identified the amulet of the Meadowlark {+Rage rElec rN+ MP+9} (You acquired it on level 1 of a ziggurat)
157404 | Zig:2    | Entered Level 2 of a ziggurat
157479 | Zig:3    | Entered Level 3 of a ziggurat
157490 | Zig:3    | Lost mutation: You have a beak for a mouth. [potion of mutation]
157490 | Zig:3    | Lost mutation: Your spells are a little harder to cast, but a little more powerful. [potion of mutation]
157490 | Zig:3    | Lost mutation: You possess an exceptional clarity of mind. [potion of mutation]
157490 | Zig:3    | Gained mutation: Your magical capacity is low. (-10% MP) [potion of mutation]
157490 | Zig:3    | Lost mutation: You have supernaturally acute eyesight. (SInv) [potion of mutation]
157490 | Zig:3    | Gained mutation: Your spells are a little harder to cast, but a little more powerful. [potion of mutation]
157490 | Zig:3    | Gained mutation: You evolve. [potion of mutation]
157497 | Zig:4    | Entered Level 4 of a ziggurat
157510 | Zig:5    | Entered Level 5 of a ziggurat
157525 | Zig:5    | Identified the Guide on Flying Bewitchment
157532 | Zig:6    | Entered Level 6 of a ziggurat
157535 | Zig:6    | Found the +8 lance "Wyrmbane" {slay drac, rPois rF+ rC+ AC+3}
157586 | Zig:7    | Entered Level 7 of a ziggurat
157712 | Zig:7    | Got a twisted long sword
157718 | Zig:8    | Entered Level 8 of a ziggurat
157747 | Zig:9    | Entered Level 9 of a ziggurat
157758 | Zig:9    | Reached skill level 27 in Fire Magic
157779 | Zig:10   | Entered Level 10 of a ziggurat
157837 | Zig:11   | Entered Level 11 of a ziggurat
157935 | Zig:12   | Entered Level 12 of a ziggurat
157946 | Zig:12   | Reached skill level 27 in Spellcasting
157950 | Zig:12   | Noticed an ancient lich
157951 | Zig:12   | Killed an ancient lich
157962 | Zig:12   | Got a slimy ring mail
158004 | Zig:13   | Entered Level 13 of a ziggurat
158013 | Zig:13   | Noticed a greater mummy
158016 | Zig:13   | Killed a greater mummy
158058 | Zig:13   | Identified Geskead's Compendium of Doomed Enchantment
158223 | Zig:14   | Entered Level 14 of a ziggurat
158241 | Zig:14   | Reached skill level 26 in Conjurations
158292 | Zig:15   | Entered Level 15 of a ziggurat
158309 | Zig:15   | Reached skill level 27 in Conjurations
158338 | Zig:16   | Entered Level 16 of a ziggurat
158354 | Zig:16   | Reached skill level 16 in Dodging
158372 | Zig:16   | Found the +3 giant club "Skullcrusher" {speed, Str+7}
158392 | Zig:16   | Identified the ring "Eheg" {rElec MR+ Str+7 Dex-2 SInv} (You found it on level 16 of a ziggurat)
158451 | Zig:17   | Entered Level 17 of a ziggurat
158475 | Zig:17   | Found the +4 arc blade {discharge, rElec}
158476 | Zig:17   | Noticed a juggernaut
158478 | Zig:17   | Killed a juggernaut
158478 | Zig:17   | Reached skill level 17 in Dodging
158481 | Zig:17   | Noticed a juggernaut
158482 | Zig:17   | Killed a juggernaut
158489 | Zig:17   | Noticed a juggernaut
158491 | Zig:17   | Killed a juggernaut
158515 | Zig:17   | Identified the Papyrus of the Glacier and the Mountains
158523 | Zig:17   | Identified the amulet of Law {Harm *Drain rF+ Int+4} (You found it on level 17 of a ziggurat)
158537 | Zig:18   | Entered Level 18 of a ziggurat
158599 | Zig:18   | Got a scintillating ivory ring
158600 | Zig:18   | Identified the ring "Nitaipoq" {rCorr rF+ rC+ Dex+7} (You found it on level 18 of a ziggurat)
158601 | Zig:18   | Identified the Volume of the Lost Lives
158606 | Zig:18   | Identified the Collected Works on Shape Shifting and Orientation
158620 | Zig:18   | Identified the scarf of Paarph {Dex+2} (You found it on level 18 of a ziggurat)
158636 | Zig:19   | Entered Level 19 of a ziggurat
158680 | Zig:19   | Reached skill level 18 in Dodging
158693 | Zig:19   | Reached skill level 26 in Ice Magic
158773 | Zig:20   | Entered Level 20 of a ziggurat
158841 | Zig:20   | Reached skill level 27 in Earth Magic
159235 | Tomb:1   | Entered Level 1 of the Tomb of the Ancients
159274 | Tomb:1   | Lost mutation: Your spells are a little harder to cast, but a little more powerful. [evolution]
159481 | Tomb:1   | Noticed a greater mummy
159484 | Tomb:1   | Killed a greater mummy
159515 | Tomb:1   | Noticed a greater mummy
159516 | Tomb:1   | Killed a greater mummy
159522 | Tomb:1   | Noticed a greater mummy
159528 | Tomb:1   | Killed a greater mummy
159555 | Tomb:1   | Noticed a greater mummy
159557 | Tomb:1   | Killed a greater mummy
159572 | Tomb:1   | Noticed a greater mummy
159731 | Tomb:1   | Killed a greater mummy
159731 | Tomb:1   | Reached skill level 19 in Dodging
159732 | Tomb:1   | Noticed a greater mummy
159734 | Tomb:1   | Killed a greater mummy
159837 | Tomb:1   | Noticed a greater mummy
159839 | Tomb:1   | Killed a greater mummy
159920 | Tomb:1   | theanonym: @?benu
159920 | Tomb:1   | theanonym: @?bennu
159920 | Tomb:1   | beem: unknown monster: "benu"
159920 | Tomb:1   | beem: bennu (b)
                  | Spd:
    16 | HD: 14   | HP: 61-91
                  | AC/EV: 6/16
                  | Dam: 27(holy), 24, 24
                  | see invisible, fly, regen
                  | Res: magic(140), fire+++, poison, rot, neg+++
                  | Vul: drown
                  | XP:
  1337 | Sz: Medium | Int: human.
159952 | Tomb:1   | Noticed a greater mummy
159955 | Tomb:1   | Killed a greater mummy
160058 | Tomb:1   | Noticed a greater mummy
160061 | Tomb:1   | Killed a greater mummy
160070 | Tomb:1   | Noticed a greater mummy
160071 | Tomb:1   | Killed a greater mummy
160266 | Tomb:1   | Noticed a greater mummy
160267 | Tomb:1   | Killed a greater mummy
160414 | Tomb:1   | Reached skill level 20 in Dodging
160616 | Tomb:1   | Noticed a greater mummy
160620 | Tomb:1   | Killed a greater mummy
160890 | Tomb:1   | Noticed a greater mummy
160892 | Tomb:1   | Killed a greater mummy
160893 | Tomb:1   | Noticed a greater mummy
160893 | Tomb:1   | Noticed a greater mummy
160895 | Tomb:1   | Killed a greater mummy
160898 | Tomb:1   | Killed a greater mummy
161076 | Tomb:1   | Noticed a greater mummy
161078 | Tomb:1   | Killed a greater mummy
161081 | Tomb:1   | Noticed a greater mummy
161084 | Tomb:1   | Killed a greater mummy
161304 | Tomb:1   | Noticed a greater mummy
161306 | Tomb:1   | Killed a greater mummy
161310 | Tomb:1   | Noticed a greater mummy
161312 | Tomb:1   | Killed a greater mummy
161346 | Tomb:1   | Noticed a greater mummy
161348 | Tomb:1   | Killed a greater mummy
161348 | Tomb:1   | Reached skill level 21 in Dodging
161642 | Tomb:3   | Entered Level 3 of the Tomb of the Ancients
161662 | Tomb:3   | Found the +7 longbow "Piercer" {penet, EV-2}
161678 | Tomb:3   | Noticed a greater mummy
161682 | Tomb:3   | Killed a greater mummy
161701 | Tomb:3   | Noticed a greater mummy
161702 | Tomb:3   | Killed a greater mummy
161702 | Tomb:3   | Killed a greater mummy
161710 | Tomb:3   | Noticed a greater mummy
161712 | Tomb:3   | Noticed a greater mummy
161713 | Tomb:3   | Killed a greater mummy
161713 | Tomb:3   | Reached skill level 22 in Dodging
161714 | Tomb:3   | Killed a greater mummy
161715 | Tomb:3   | Noticed a greater mummy
161717 | Tomb:3   | Noticed a greater mummy
161717 | Tomb:3   | Killed a greater mummy
161717 | Tomb:3   | Killed a greater mummy
161722 | Tomb:3   | Noticed a greater mummy
161723 | Tomb:3   | Killed a greater mummy
161723 | Tomb:3   | Killed an ancient lich
161915 | Tomb:3   | Found the +10 dark maul {crush}
161916 | Tomb:3   | Found the +8 storm bow {elec}
161924 | Tomb:3   | Got a faintly glowing ring mail
161942 | Tomb:3   | Got a glittering jade ring
161943 | Tomb:3   | Identified the ring "Fohium" {Ice MR- Int+6} (You found it on level 3 of the Tomb of the Ancients)
161972 | Tomb:3   | Got a golden rune of Zot
162443 | Zot:2    | Lost mutation: You evolve. [evolution]
162497 | Zot:5    | Entered Level 5 of the Realm of Zot
162844 | Zot:5    | Reached skill level 23 in Dodging
163016 | Zot:5    | Killed an ancient lich
163109 | Zot:5    | Noticed an orb of fire
163294 | Zot:5    | Killed an orb of fire
163791 | Zot:5    | Noticed an ancient lich
163793 | Zot:5    | Killed an ancient lich
164015 | Zot:5    | Reached skill level 24 in Dodging
164188 | Zot:5    | Noticed an orb of fire
164188 | Zot:5    | Gained mutation: Your spells are a little easier to cast, but a little less powerful. [an orb of fire]
164192 | Zot:5    | Killed an orb of fire
164193 | Zot:5    | Noticed an orb of fire
164208 | Zot:5    | Gained mutation: Armour fits poorly on your strangely shaped body. [an orb of fire]
164223 | Zot:5    | Gained mutation: You are resistant to hostile enchantments. (MR+) [an orb of fire]
164225 | Zot:5    | Gained mutation: Your body sometimes deteriorates upon taking damage. [an orb of fire]
164228 | Zot:4    | Lost mutation: Your magical capacity is low. (-10% MP) [potion of mutation]
164228 | Zot:4    | Lost mutation: You are partially covered in yellow scales. (AC +2) [potion of mutation]
164228 | Zot:4    | Lost mutation: Your body sometimes deteriorates upon taking damage. [potion of mutation]
164228 | Zot:4    | Lost mutation: Your spells are a little easier to cast, but a little less powerful. [potion of mutation]
164228 | Zot:4    | Gained mutation: Scrolls take you a little longer to read. [potion of mutation]
164228 | Zot:4    | Gained mutation: Your muscles are strong. (Str +2) [potion of mutation]
164229 | Zot:4    | Lost mutation: Scrolls take you a little longer to read. [potion of mutation]
164229 | Zot:4    | Lost mutation: Your flesh is heat resistant. (rF+) [potion of mutation]
164229 | Zot:4    | Gained mutation: You are robust. (+10% HP) [potion of mutation]
164229 | Zot:4    | Gained mutation: You have a pair of small antennae on your head. [potion of mutation]
164229 | Zot:4    | Gained mutation: You passively map a small area around you. [potion of mutation]
164429 | Zot:5    | Killed an orb of fire
164462 | Zot:5    | Noticed an ancient lich
164463 | Zot:5    | Killed an ancient lich
164473 | Zot:4    | Learned a level 6 spell: Bolt of Cold
164546 | Zot:5    | Noticed an ancient lich
164548 | Zot:5    | Killed an ancient lich
164566 | Zot:5    | Reached skill level 25 in Dodging
164581 | Zot:5    | Got the Orb of Zot
165163 | D:6      | Noticed Yskod the pandemonium lord
165165 | D:6      | Killed Yskod the pandemonium lord
165322 | D:$      | Escaped with the Orb!

Vault maps used:
D:1:      erik_arrival_gehennom, minmay_tetromino_t2
D:2:      nemelex_diamond_rough_becter
D:3:      minmay_goblin_kobold_castle, uniq_terence, uniq_ijyb, uniq_natasha,
          uniq_robin
D:4:      xom_teletrap_fun, ashenzari_altar_1, first_bread, minmay_mini_ossuary,
          uniq_sigmund
D:5:      marbit_many_paths, tso_oasis_becter
D:6:      old_standard_altar, yredelemnul_forgotten_temple_becter,
          overflow_temple_1_default, bloody_makhleb, vehumet_statue,
          temple_doors_cd
D:7:      uniq_duvessa, uniq_menkaure
D:8:      erik_lair_island, uniq_psyche
D:9:      fedhas_bush_and_centaur_altar
D:10:     david_orc_2, grunt_ogre_cave, hangedman_abyss_or_decor_stagger
D:11:     enter_trove_1, serial_shops, nicolae_shop_behind_doors,
          kennysheep_generic_room_15
D:12:     serial_shops, shop, uniq_kirke, uniq_nessos, uniq_azrael
D:13:     david_vaults_2, serial_column_ruins, column_ruins_hut_ruined,
          column_ruins_columns_straight, column_ruins_corridor_dead_end,
          column_ruins_open_tiny, column_ruins_open_tiny, column_ruins_grid_3,
          column_ruins_columns_straight, column_ruins_open_tiny
D:14:     minmay_misc_feat_roman, serial_shops, nicolae_shop_crystal, uniq_sonja
D:15:     hangedman_depths_entry_try_elsewhere_first, hex_medium
Temple:   nicolae_temple_x_marks_the_god
Lair:1:   lab_entry_generic, lemuel_fruit_tree
Lair:2:   infiniplex_staircase_pool_2
Lair:3:   serial_bayou_shore_b, grunt_megastairs_5
Lair:4:   gammafunk_cloud_chamber, minmay_shoals_entry_centaurs,
          guppyfry_snake_entry_garden, uniq_josephine
Lair:5:   slime_altar_1, nicolae_volcano_entry_s_turn, beast_lair_carwin_2
Lair:6:   hangedman_lair_in_review, portal_ice_cave_entry_pillars_1,
          grunt_megastairs_2
Shoals:2: uniq_polyphemus
Shoals:3: serial_shops, nicolae_shop_waterfront, uniq_mara
Shoals:4: shoals_end_grunt_ice, shoal_ilsuiw, nicolae_shoals_kraken_party,
          uniq_aizul
Snake:1:  grunt_ministairs_1, minmay_shop_grove, serial_bayou_shore_b,
          uniq_agnes
Snake:2:  serial_bayou_shore_b
Snake:3:  nicolae_snake_squiggles
Snake:4:  minmay_snake_end_coiled, guppyfry_snake_island
Slime:1:  cheibrodos_slime_lost_civilization_5
Slime:2:  cheibrodos_slime_lost_civilization_3
Slime:4:  cheibrodos_slime_lost_civilization_2
Orc:1:    serial_shops, nicolae_shop_behind_doors, shop, basic_altar
Orc:2:    pf_orc_diabolical, serial_shops,
          nicolae_shop_competitors_out_of_business, nicolae_shop_crystal
Elf:1:    evilmike_minifort
Elf:2:    portal_desolation_entry_garden, lemuel_elevator
Elf:3:    nooodl_elf_gasket
Vaults:1: ontoclasm_vaults_shout, nicolae_vaults_little_squares_3, v_misc_19,
          vaults_dpeg_hooks, nicolae_vaults_stairing_the_circle,
          vaults_room_door_hall, v_rooms_1, v_alt_pattern_1, uniq_jorgrun,
          uniq_nikola
Vaults:2: vaults_mumra_hexcomb, minmay_crypt_entry_simple_box,
          nicolae_vaults_network_periphery, vaults_dpeg_ring, v_alt_pattern_2,
          ontoclasm_vaults_fault, v_misc_25, grunt_vaults_bifocal,
          nicolae_vaults_asterisk, vaults_mumra_chevron_long,
          hangedman_vaults_restitches, nicolae_vaults_little_squares_5,
          uniq_asterion, uniq_frederick, uniq_mennas
Vaults:3: vaults_mumra_minichess_inversion, hangedman_vaults_capsules, v_misc_5,
          ontoclasm_vaults_twist, dpeg_vaults_monster_row, vaults_room_pools,
          ontoclasm_vaults_spin, vaults_mumra_lcd,
          hangedman_vaults_corner_blocks, serial_ice_h,
          ontoclasm_vaults_ring_large, ontoclasm_vaults_hangar,
          vaults_mumra_hex, basic_altar
Vaults:4: hangedman_vaults_river_flow, vaults_dpeg_encased_lava,
          vaults_standard_mumra_x, ontoclasm_vaults_pinch,
          hangedman_vaults_stitches, v_misc_27, nicolae_vaults_little_squares_4,
          nicolae_vaults_circle_grid_a, serial_ice_g, uniq_margery
Crypt:1:  st_burial_chamber, uniq_jory, uniq_saint_roka
Crypt:3:  cryptofortress_bobbens
Depths:1: roderic_lattice_a, grunt_mini_vestibule, minmay_strange_pillars,
          eino_small_chamber_without_monster, nicolae_transmutations_shop
Depths:2: grunt_bruiser_brothers, abyss_entry, hell_entry,
          minmay_misc_feat_tiny, minmay_misc_feat_secret_circle,
          infiniplex_staircase_star
Depths:3: cross_vault, enter_ziggurat_c, rand_demon_pan_entry_4, serial_shops,
          nicolae_shop_stone, shop, pf_vacation_house_of_asmodeus,
          nicolae_rare_books, uniq_sojobo
Depths:4: kennysheep_four_of_diamonds, abyss_entry_flame_altar,
          kennysheep_decorative_pillar, hell_entry
Depths:5: grunt_twist_and_shout, hell_entry, minivault_11, minmay_serpent_palace
Dis:5:    hangedman_dis_decor_blocks_mantle
Dis:7:    iron_city_of_dis
Geh:5:    hangedman_elemental_corridor
Geh:7:    geh_grunt
Coc:7:    coc_dpeg
Tar:4:    hangedman_restless_catacombs
Tar:5:    evilmike_ambush
Tar:6:    nicolae_tar_cuneiform_bread
Tar:7:    tar_minmay_river
Zot:1:    grunt_megastairs_1
Zot:5:    nrook_zot_tub
Abyss:2:  hangedman_decor_points, minivault_28
Abyss:5:  evilmike_abyss_rune_elephants_shrine, bh_abyss_exit_spiral
Pan:      rand_demon_5, pan_blood_fountain_small, nicolae_pan_mnolegish_2,
          lemuel_hellion_island, pan_blood_fountain_small,
          nicolae_pan_mnolegish_5, evilmike_mini_pan_3x3, pan_blood_fountain,
          nicolae_pan_sick_transit, nicolae_pan_glass_arcs,
          nicolae_pan_gloorx_vloqian_3, rand_demon_1,
          nicolae_pan_cerebovesque_3, grunt_pan_frozen_over,
          reaverb_pan_squares, evilmike_mini_pan_corridor, rand_demon_9,
          nicolae_pan_sigil_uleosi, nicolae_pan_mnolegish_4, lom_lobon_grunt,
          rand_demon_4, pan_blood_fountain_small,
          evilmike_mini_pan_possible_glass, nicolae_pan_giant_door,
          nicolae_pan_lom_lobonic_1, grunt_pan_pentagram,
          nicolae_pan_gloorx_vloqian_3, nicolae_pan_sick_transit,
          gloorx_vloq_st, pan_blood_fountain, nicolae_pan_sigil_itan,
          nicolae_pan_mnolegish_1, evilmike_holy_pan, grunt_pan_spiral,
          cerebov_st, mnoleg_grunt_wretched_star, nicolae_pan_door_chamber,
          pan_blood_fountain_small, nicolae_pan_lom_lobonic_4,
          evilmike_mini_pan_doors_b, nicolae_pan_giant_door, pan_disco_hall,
          lemuel_hall_of_pain, pan_blood_fountain_small,
          nicolae_pan_cerebovesque_3, evilmike_mini_pan_diamond, rand_demon_7,
          nicolae_pan_lom_lobonic_2, evilmike_mini_pan_pillars,
          gammafunk_dig_for_victory, pan_blood_fountain, pan_blood_fountain_2,
          nicolae_pan_giant_door, nicolae_pan_hourglass,
          evilmike_mini_pan_corner, nicolae_pan_double_arrow, uniq_ignacio,
          pan_blood_fountain, nicolae_pan_gloorx_vloqian_4
Zig:12:   ziggurat_pillar_centre_c
Zig:16:   ziggurat_pillar_centre_drop
Zig:17:   ziggurat_pillar_centre_smoke
Zig:19:   ziggurat_pillar_centre_dead_trees
Lab:      labyrinth_hidden_loot, nicolae_lab_plus, labyrinth_fake_exit,
          nicolae_lab_quarters, nicolae_lab_very_dead_end
Trove:    trove_garden
Volcano:  volcano_bunker

Skill      XL: |  1  2  3  4  5  6  7  8  9 10 11 12 13 14 15 16 17 18 19 20 21 22 23 24 25 26 27 |
---------------+----------------------------------------------------------------------------------+-----
Fighting       | 1 2 3 4 5 6 8 9 11 12 13 14 15 17 18 19 20 27 | 27.0
Earth Magic    | 4 5 6 8 9 11 12 13 14 15 16 18 20 21 22 23 27 | 27.0
Spellcasting   | 3 4 5 7 8 9 10 11 13 15 16 17 18 19 20 27 | 27.0
Armour         | 4 6 10 | 10.0
Conjurations   | 6 10 12 13 15 16 17 19 27 | 27.0
Shields        | 4 5 13 15 25 | 25.0
Fire Magic     | 3 6 9 10 27 | 27.0
Dodging        | 3 25 | 25.2
Ice Magic      | 26 | 26.0
Staves         | 12 | 12.0
Stealth        | |  2.1
Transmutations | |  0.7

Action                   |  1- 3 |  4- 6 |  7- 9 | 10-12 | 13-15 | 16-18 | 19-21 | 22-24 | 25-27 || total
-------------------------+-------+-------+-------+-------+-------+-------+-------+-------+-------++-------
Melee: Whip              |    10 |       |       |       |       |       |       |       |       ||    10
       Unarmed           |     1 |       |       |       |       |       |       |       |       ||     1
       Short sword       |     4 |   144 |   196 |       |       |       |       |       |       ||   344
       Dagger            |       |       |    11 |    49 |       |       |       |       |       ||    60
       Flail             |       |       |       |   174 |    24 |       |       |       |       ||   198
       Staff             |       |       |       |       |    27 |     8 |    36 |     1 |   821 ||   893
       Peck              |       |       |       |       |       |       |       |       |    10 ||    10
 Cast: Sandblast         |    43 |    76 |    69 |   189 |   143 |     7 |    18 |     1 |    37 ||   583
       Lee's Rapid Decon |       |       |    26 |   136 |   215 |    53 |    39 |   107 |   265 ||   841
       Petrify           |       |       |     4 |       |       |       |       |       |       ||     4
       Passwall          |       |       |       |     2 |       |       |       |       |       ||     2
       Stone Arrow       |       |       |       |     3 |       |       |       |       |       ||     3
       Iron Shot         |       |       |       |       |   122 |   219 |   151 |   125 |  2969 ||  3586
       Bolt of Magma     |       |       |       |       |     4 |       |       |       |       ||     4
       Shatter           |       |       |       |       |       |    90 |   202 |   144 |   387 ||   823
       Poison Arrow      |       |       |       |       |       |    50 |    37 |    17 |   108 ||   212
       Bolt of Fire      |       |       |       |       |       |       |     2 |     4 |   339 ||   345
       Lehudib's Crystal |       |       |       |       |       |       |     1 |    14 |   232 ||   247
       Regeneration      |       |       |       |       |       |       |       |     1 |    30 ||    31
       Ignition          |       |       |       |       |       |       |       |       |   330 ||   330
       Fire Storm        |       |       |       |       |       |       |       |       |   189 ||   189
       Glaciate          |       |       |       |       |       |       |       |       |   148 ||   148
       Ring of Flames    |       |       |       |       |       |       |       |       |    59 ||    59
       Blink             |       |       |       |       |       |       |       |       |    24 ||    24
       Swiftness         |       |       |       |       |       |       |       |       |     2 ||     2
       Freezing Cloud    |       |       |       |       |       |       |       |       |     1 ||     1
 Abil: Fly               |       |       |       |       |     1 |       |       |       |       ||     1
Evoke: Wand              |       |       |       |     2 |       |       |       |       |    86 ||    88
       Phial of floods   |       |       |       |       |       |       |       |       |     2 ||     2
       Fan of gales      |       |       |       |       |       |       |       |       |     1 ||     1
       Box of beasts     |       |       |       |       |       |       |       |       |     1 ||     1
       Phantom mirror    |       |       |       |       |       |       |       |       |     1 ||     1
  Use: Scroll            |     3 |     4 |     2 |    10 |    16 |    15 |     9 |     8 |    98 ||   165
       Potion            |       |       |     1 |     5 |       |     3 |     1 |     2 |    77 ||    89
 Stab: Sleeping          |     1 |     3 |     5 |       |       |       |       |       |       ||     9
       Distracted        |       |       |     1 |       |       |       |       |       |     1 ||     2
  Eat: Chunk             |     3 |     8 |    10 |    32 |    70 |    58 |    13 |    18 |    42 ||   254
       Meat ration       |       |       |     2 |     2 |     1 |     4 |     3 |     4 |    18 ||    34
       Bread ration      |       |       |     1 |     2 |     5 |     3 |     7 |     3 |    19 ||    40
       Fruit             |       |       |       |       |       |     1 |       |       |    62 ||    63
       Royal jelly       |       |       |       |       |       |       |       |       |    24 ||    24
Armor: Robe              |     6 |    58 |    92 |   194 |    69 |    53 |    52 |    25 |   774 ||  1323
       Leather armour    |       |       |     8 |    33 |       |       |       |       |       ||    41
Dodge: Dodged            |    11 |   144 |   142 |   286 |    61 |    51 |    44 |    20 |   942 ||  1701
       Deflected         |       |       |     1 |    15 |     9 |    21 |    17 |     6 |    72 ||   141
Block: Buckler           |       |       |       |       |    10 |    28 |     1 |       |       ||    39
       Reflection        |       |       |       |       |       |     8 |    25 |    11 |   134 ||   178
       Shield            |       |       |       |       |       |       |   126 |    44 |   366 ||   536
       Large shield      |       |       |       |       |       |       |       |       |  3023 ||  3023

Table legend:
 A = Spawn XP
 B = Non-spawn XP
 C = Spawn XP percentage of total XP
 D = Spawn monster count
 E = Non-spawn monster count
 F = Spawn count percentage of total count
 G = Total turns spent on level
                    A         B        C        D         E        F      G
               +---------+---------+-------+---------+---------+-------+---------
         Total |  548662 | 4551075 |  10.8 |     793 |    5593 |  12.4 | 165322
               +---------+---------+-------+---------+---------+-------+---------
           D:1 |       0 |      55 |   0.0 |       0 |      26 |   0.0 |  1469
           D:2 |       0 |      45 |   0.0 |       0 |      20 |   0.0 |   890
           D:3 |       0 |     595 |   0.0 |       0 |      93 |   0.0 |  2641
           D:4 |       0 |     364 |   0.0 |       0 |      13 |   0.0 |  1182
           D:5 |       0 |    1039 |   0.0 |       0 |      29 |   0.0 |  1307
           D:6 |       0 |    1949 |   0.0 |       0 |      37 |   0.0 |  1608
           D:7 |       0 |     764 |   0.0 |       0 |      19 |   0.0 |  1022
           D:8 |       0 |    5157 |   0.0 |       0 |      47 |   0.0 |  2625
           D:9 |       0 |    2699 |   0.0 |       0 |      36 |   0.0 |  1608
          D:10 |       0 |    2949 |   0.0 |       0 |      32 |   0.0 |  2192
          D:11 |       0 |    5745 |   0.0 |       0 |      26 |   0.0 |  1686
          D:12 |       0 |   12883 |   0.0 |       0 |      49 |   0.0 |  2459
          D:13 |       0 |    6553 |   0.0 |       0 |      25 |   0.0 |  2008
          D:14 |       0 |    5797 |   0.0 |       0 |      14 |   0.0 |  1615
          D:15 |       0 |   17507 |   0.0 |       0 |      40 |   0.0 |  2175
        Lair:1 |       0 |    5458 |   0.0 |       0 |      19 |   0.0 |  1885
        Lair:2 |       0 |    7146 |   0.0 |       0 |      32 |   0.0 |  1497
        Lair:3 |       0 |    7356 |   0.0 |       0 |      21 |   0.0 |  1200
        Lair:4 |       0 |    9479 |   0.0 |       0 |      29 |   0.0 |  1726
        Lair:5 |       0 |    5180 |   0.0 |       0 |      14 |   0.0 |  1514
        Lair:6 |       0 |   26866 |   0.0 |       0 |      71 |   0.0 |  1954
      Shoals:1 |       0 |   17484 |   0.0 |       0 |      33 |   0.0 |  2569
      Shoals:2 |       0 |   17353 |   0.0 |       0 |      29 |   0.0 |  1800
      Shoals:3 |       0 |   32227 |   0.0 |       0 |      46 |   0.0 |  2760
      Shoals:4 |       0 |   55093 |   0.0 |       0 |      82 |   0.0 |  1620
       Snake:1 |       0 |   14326 |   0.0 |       0 |      24 |   0.0 |  1881
       Snake:2 |       0 |   17938 |   0.0 |       0 |      41 |   0.0 |  2182
       Snake:3 |       0 |   29624 |   0.0 |       0 |      45 |   0.0 |  1052
       Snake:4 |       0 |   44719 |   0.0 |       0 |      76 |   0.0 |  1931
       Slime:1 |       0 |    4064 |   0.0 |       0 |       3 |   0.0 |    79
       Slime:2 |       0 |   11278 |   0.0 |       0 |      28 |   0.0 |   222
       Slime:3 |       0 |    9559 |   0.0 |       0 |      15 |   0.0 |   129
       Slime:4 |       0 |   11304 |   0.0 |       0 |      16 |   0.0 |   296
       Slime:5 |       0 |   47861 |   0.0 |       0 |      46 |   0.0 |   980
         Orc:1 |       0 |    2259 |   0.0 |       0 |      25 |   0.0 |  1037
         Orc:2 |    3667 |   41665 |   8.1 |       3 |     101 |   2.9 |  4480
         Elf:1 |       0 |   26380 |   0.0 |       0 |      42 |   0.0 |  2281
         Elf:2 |       0 |   30095 |   0.0 |       0 |      42 |   0.0 |  2241
         Elf:3 |       0 |   72980 |   0.0 |       0 |      58 |   0.0 |  1998
      Vaults:1 |       0 |   67988 |   0.0 |       0 |     106 |   0.0 |  3424
      Vaults:2 |       0 |   59738 |   0.0 |       0 |      71 |   0.0 |  2555
      Vaults:3 |       0 |   38364 |   0.0 |       0 |      78 |   0.0 |  2841
      Vaults:4 |       0 |   52633 |   0.0 |       0 |      70 |   0.0 |  2576
      Vaults:5 |       0 |  128677 |   0.0 |       0 |     104 |   0.0 |  1509
       Crypt:1 |       0 |   34884 |   0.0 |       0 |      48 |   0.0 |  2744
       Crypt:2 |       0 |   15565 |   0.0 |       0 |      29 |   0.0 |  1865
       Crypt:3 |       0 |   64882 |   0.0 |       0 |      87 |   0.0 |  1945
        Tomb:1 |       0 |  166455 |   0.0 |       0 |      92 |   0.0 |  2135
        Tomb:2 |       0 |   10536 |   0.0 |       0 |      16 |   0.0 |    93
        Tomb:3 |       0 |  114051 |   0.0 |       0 |     108 |   0.0 |   353
      Depths:1 |       0 |   56842 |   0.0 |       0 |      72 |   0.0 |  2471
      Depths:2 |       0 |   65376 |   0.0 |       0 |      78 |   0.0 |  2207
      Depths:3 |       0 |   77057 |   0.0 |       0 |      79 |   0.0 |  2505
      Depths:4 |       0 |   89054 |   0.0 |       0 |      87 |   0.0 |  2414
      Depths:5 |       0 |   67473 |   0.0 |       0 |      78 |   0.0 |  1635
          Hell |       0 |   78646 |   0.0 |       0 |     114 |   0.0 |  2114
         Dis:1 |       0 |     309 |   0.0 |       0 |       1 |   0.0 |    36
         Dis:2 |       0 |    6804 |   0.0 |       0 |      13 |   0.0 |    52
         Dis:3 |       0 |   19112 |   0.0 |       0 |      29 |   0.0 |   368
         Dis:4 |       0 |    3553 |   0.0 |       0 |       5 |   0.0 |    50
         Dis:5 |       0 |    8633 |   0.0 |       0 |      10 |   0.0 |   126
         Dis:6 |       0 |    8335 |   0.0 |       0 |      16 |   0.0 |   166
         Dis:7 |       0 |  128392 |   0.0 |       0 |     110 |   0.0 |  1600
         Geh:1 |       0 |   34322 |   0.0 |       0 |      82 |   0.0 |   288
         Geh:2 |       0 |    5582 |   0.0 |       0 |      14 |   0.0 |   181
         Geh:3 |       0 |   26298 |   0.0 |       0 |      56 |   0.0 |   208
         Geh:4 |       0 |   16201 |   0.0 |       0 |      39 |   0.0 |   226
         Geh:5 |       0 |   21937 |   0.0 |       0 |      41 |   0.0 |   201
         Geh:6 |       0 |   11211 |   0.0 |       0 |      34 |   0.0 |    42
         Geh:7 |       0 |  114322 |   0.0 |       0 |     137 |   0.0 |  1014
         Coc:1 |       0 |    2778 |   0.0 |       0 |       5 |   0.0 |    39
         Coc:2 |       0 |   24068 |   0.0 |       0 |      31 |   0.0 |   132
         Coc:3 |       0 |    9503 |   0.0 |       0 |      13 |   0.0 |   182
         Coc:4 |       0 |   11657 |   0.0 |       0 |      29 |   0.0 |   159
         Coc:5 |       0 |   22230 |   0.0 |       0 |      31 |   0.0 |   161
         Coc:6 |       0 |   13543 |   0.0 |       0 |      26 |   0.0 |   249
         Coc:7 |       0 |  148964 |   0.0 |       0 |     107 |   0.0 |   761
         Tar:1 |       0 |    6599 |   0.0 |       0 |      20 |   0.0 |   429
         Tar:2 |       0 |    6984 |   0.0 |       0 |      15 |   0.0 |    55
         Tar:3 |       0 |    5366 |   0.0 |       0 |      23 |   0.0 |    33
         Tar:4 |       0 |    5628 |   0.0 |       0 |       8 |   0.0 |    63
         Tar:5 |       0 |      64 |   0.0 |       0 |       1 |   0.0 |    13
         Tar:6 |       0 |   33476 |   0.0 |       0 |      45 |   0.0 |   374
         Tar:7 |       0 |  128128 |   0.0 |       0 |     116 |   0.0 |   934
         Zot:1 |       0 |   53272 |   0.0 |       0 |      35 |   0.0 |  1480
         Zot:2 |       0 |   57484 |   0.0 |       0 |      36 |   0.0 |  2113
         Zot:3 |       0 |    9474 |   0.0 |       0 |       6 |   0.0 |  2013
         Zot:4 |       0 |   57032 |   0.0 |       0 |      35 |   0.0 |  2296
         Zot:5 |       0 |  205955 |   0.0 |       0 |      79 |   0.0 |  1144
       Abyss:1 |   29255 |   16394 |  64.1 |      47 |      17 |  73.4 |  1084
       Abyss:2 |    5555 |   26130 |  17.5 |      10 |      34 |  22.7 |   257
       Abyss:3 |   53109 |   38248 |  58.1 |      71 |      58 |  55.0 |  1615
       Abyss:5 |   13512 |    6326 |  68.1 |      19 |      13 |  59.4 |   319
           Pan |  443564 | 1005380 |  30.6 |     643 |     908 |  41.5 | 37974
         Zig:1 |       0 |     733 |   0.0 |       0 |       2 |   0.0 |    35
         Zig:2 |       0 |    2395 |   0.0 |       0 |       2 |   0.0 |    75
         Zig:3 |       0 |    3408 |   0.0 |       0 |       4 |   0.0 |    18
         Zig:4 |       0 |    4297 |   0.0 |       0 |       9 |   0.0 |    13
         Zig:5 |       0 |    8136 |   0.0 |       0 |       5 |   0.0 |    22
         Zig:6 |       0 |    7862 |   0.0 |       0 |      11 |   0.0 |    54
         Zig:7 |       0 |    7251 |   0.0 |       0 |       9 |   0.0 |   132
         Zig:8 |       0 |   10800 |   0.0 |       0 |      15 |   0.0 |    29
         Zig:9 |       0 |   12657 |   0.0 |       0 |      15 |   0.0 |    32
        Zig:10 |       0 |   11611 |   0.0 |       0 |      16 |   0.0 |    58
        Zig:11 |       0 |   18379 |   0.0 |       0 |      21 |   0.0 |    98
        Zig:12 |       0 |   36691 |   0.0 |       0 |      18 |   0.0 |    69
        Zig:13 |       0 |   21296 |   0.0 |       0 |      35 |   0.0 |   219
        Zig:14 |       0 |   30792 |   0.0 |       0 |      21 |   0.0 |    69
        Zig:15 |       0 |   32546 |   0.0 |       0 |      23 |   0.0 |    46
        Zig:16 |       0 |   30798 |   0.0 |       0 |      44 |   0.0 |   113
        Zig:17 |       0 |   46973 |   0.0 |       0 |      47 |   0.0 |    86
        Zig:18 |       0 |   42601 |   0.0 |       0 |      51 |   0.0 |    99
        Zig:19 |       0 |   47563 |   0.0 |       0 |      54 |   0.0 |   137
        Zig:20 |       0 |    7930 |   0.0 |       0 |      18 |   0.0 |   161
           Lab |       0 |    2263 |   0.0 |       0 |       7 |   0.0 |   974
       Volcano |       0 |    6258 |   0.0 |       0 |      11 |   0.0 |   557
    Desolation |       0 |   58125 |   0.0 |       0 |     116 |   0.0 |  2311
               +---------+---------+-------+---------+---------+-------+---------
